Workbook
Name riesgos: '[1]OADS-F-41'!#REF!

Sheet Instructivo
B2: CODIGO: OADS-F-42 | G2: ESE HOSPITAL UNIVERSITARIO SAN RAFAEL TUNJA
B4: VERSION: 01 | G4: MAPA DE RIESGOS CONTRACTUALES | AX4: 45322
B6: Objeto del contrato
B8: Proceso | C8: Tipo de contrato | D8: Identificación del riesgo | M8: Análisis del riesgo inherente | U8: Evaluación del riesgo - Valoración de los controles | AK8: Evaluación del riesgo - Nivel del riesgo residual | AU8: Monitoreo y seguimiento
D9: No. DEL RIESGO | E9: Etapa | F9: Descripción del Riesgo | G9: Causas | H9: Consecuencias | I9: Clase | J9: Fuente | K9: Tipo | L9: ¿A quién se le asigna? | M9: Probabilidad | P9: Impacto | S9: Zona de riesgo inherente | U9: No. Control | V9: Descripción del Control/tratamiento | W9: Fecha estimada inicio tratamiento | X9: Fecha estimada completa tratamiento | Y9: Atributos | AK9: Probabilidad | AN9: Impacto | AQ9: Zona de riesgo inherente | AS9: ¿Afecta la ejecución del contrato? | AT9: Estrategia/ Tratamiento | AU9: ¿Cómo se realiza el monitoreo y seguimiento? | AV9: Responsable | AW9: Fecha Implementación | AX9: Fecha Seguimiento | AY9: Producto final
Y10: Tipo | AA10: Implementación | AC10: Documentación | AE10: Frecuencia | AG10: Evidencia | AJ10: Soporte Evidencia
B11: Proceso en el cual se identica la necesidad del objeto contractual | C11: Selecciona de la lista desplegable el tipo o modalidad de contrato al cual se va a realizar la identificación de los riesgos contractuales - Contratación pública - Contratación directa - Subasta interna | D11: Se enumera el riesgo a identificar | E11: Selecciona la etapa de contratación especifica en la que se va a identificar el riesgo - Planeación: Etapa en la que se elaboran los estudios de conveniencia y oportunidades, y los pliegos de condiciones. Estructura técnica, financiera, económica y jurídicamente cualquier tipo de proceso contractual el cual soporta en las necesidades del hospital con el fin de satisfacer la prestación servicios de salud. - Selección: Etapa en la que selecciona al contratista teniendo en cuenta la oferta más favorable articulada con las normas aplicables a cada modalidad de selección de contratista. - Contratación: Inicia una vez se suscribe el contrato objeto del Proceso de Contratación hasta la legalización de este (pólizas, acta de aprobación, acta de inicio), en la cual se debe cumplir con el cronograma previsto para la celebración del contrato, el registro presupuestal, la publicación en el SECOP y el cumplimiento de los requisitos para el perfeccionamiento, ejecución y pago. - Ejecución: Inicia una vez cumplidos los requisitos previstos para iniciar la ejecución del contrato respectivo, avance, recibo final y termina con el vencimiento del plazo del contrato o la fecha de liquidación si hay lugar a ella. | F11: Se da respuesta al ¿Qué puede salir mal en la etapa de contratación asociada al objeto contractual? (En la hoja denominada identificación se pueden encontrar algunos ejemplos de riesgos identificados en el desarrollo de diferentes estudios previos los cuales pueden ser utilizados para los casos en que aplique) | G11: Se da respuesta al ¿Cómo puede ocurrir?¿Por qué puede ocurrir? | H11: Se da respuesta a ¿Qué podría pasar en caso en que el riesgo se presentara? ¿Qué impacto generaría su materialización? | I11: Se selecciona la clase del riesgo: General: Riesgo de todos los Procesos de Contratación adelantados por el hospital, por lo cual está presente en toda su actividad contractual. Especifico: Riesgo propio del Proceso de Contratación objeto de análisis. | J11: Se selecciona la fuente del riesgo: Interno: Riesgo asociado a la operación, capacidad, o situación particular del hospital (reputacional, tecnológico). Externo: Riesgo del sector del objeto del Proceso de Contratación, o asociado a asuntos no referidos al hospital (desastres económicos, existencia de monopolios, circunstancias electorales) | K11: Se selecciona el tipo del riesgo: Económicos: Los derivados del comportamiento del mercado, tales como la fluctuación de los precios de los insumos, desabastecimiento y especulación de estos, entre otros. Sociales o Políticos: Los derivados de los cambios de las políticas gubernamentales y de cambios en las condiciones sociales que tengan impacto en la ejecución del contrato. Operacionales: Los asociados a la operatividad del contrato, tales como la suficiencia del presupuesto oficial, del plazo o los derivados de procesos, procedimientos, parámetros, sistemas de información y tecnológicos, equipos humanos o técnicos inadecuados o insuficientes. Financieros: - El riesgo de consecución de financiación o riesgo de liquidez para obtener recursos para cumplir con el objeto del contrato. - El riesgo de las condiciones financieras establecidas para la obtención de los recursos, tales como plazos, tasas, garantías, contragarantías, y refinanciaciones, entre otros | L11: Se seleciona el responsable a quien se le asigna el riesgo: Entidad Contratista Entidad y contratista | M11: De acuerdo a experiencia, historicos, estudios tecnicos y/o publicaciones o noticias sobre la ocurrencia del riesgo indentificado, selecciona la probabilidad de que ocurra el riesgo: 1. El riesgo puede ocurrir solo en circunstancias excepcionales 2. El riesgo puede ocurrir en algún momento 3. El riesgo podría ocurrir en algún momento 4. El riesgo probablemente ocurrirá en la mayoría de las circunstancias 5. Se espera que el riesgo ocurra en la mayoría de las circunstancias | N11: Las filas N y O se encuentran parametrizadas, las cuales apareceran acorde a la selección de la casilla M | P11: De acuerdo a experiencia, historicos, estudios tecnicos y/o publicaciones o noticias sobre la ocurrencia del riesgo indentificado, selecciona el impacto que puede llegar a generar en caso que se materialice el riesgo: 1. Obstruye la ejecución del contrato de manera intrascendente./ Los sobrecostos no representan más del uno por ciento (1%) del valor del contrato. 2. Dificulta la ejecución del contrato de manera baja. aplicando medidas mínimas se puede lograr el objeto contractual./ Los sobrecostos no representan más del cinco por ciento (5%) del valor del contrato 3. Afecta la ejecución del contrato sin alternar el beneficio para las partes./ Generará un impacto sobre el valor del contrato entre cinco (5%) y el quince por ciento (15%) 4. Obstruye la ejecución del contrato sustancialmente pero aun así permite la consecución del objeto contractual./ Incrementa el valor del contrato entre quince (15%) y el treinta por ciento (30%) 5. Perturba la ejecución del contrato de manera grave imposibilitando la consecución del objeto contractual./ Impacto sobre el valor del contrato en más de treinta por ciento (30%) | Q11: Las filas Q y R se encuentran parametrizadas, las cuales apareceran acorde a la selección de la casilla P | S11: Las filas S y T se encuentran parametrizadas, las cuales apareceran acorde a la selección de las casillas M y P | U11: Se enumeran los controles existentes por riesgo | V11: Se definen la medidas que permiten evitar o reducir el riesgo a través de acciones, necesarias para controlar, evitar o reducir la materialización del riesgo.Que existen actualmente, se tiene en cuenta: Responsable de ejecutar el control: Identifica el cargo de la persona que ejecuta el control, en caso de que sean controles automaticos se identifica el sistema que realiza la actividad. Acción: Se determina mediante verbos que indican la acción que deben realizar como parte del control. Complemento: Son los detalles que se permiten identificar el objeto del control. "Responsable de ejecutar el control + acción + complemento" | W11: Selecciona el momento en el que se da inicio el control: - Desde la planeación - Desde la selección - Desde la contratación - Desde la ejecución | X11: Selecciona el momento en el que se da fin al control: - Hasta la selección - Hasta la contratación - Hasta la ejecución - Hasta la liquidación | Y11: Selecciona el tipo de control: - Preventivo - Correctivo - Detectivo | AA11: Selecciona como se realiza la implementación del riesgo actualmente: - Automático. - Manual. | AC11: Selecciona si el control descrito se encuentra documentado o no en alguna metodologia institucional (Programas, manuales, procedimientos, etc) | AE11: Selecciona si el control se aplica aleatoreo o continuo. | AG11: Selecciona si se cuenta o no con resgistro que permita soportar la evidencia del control. | AJ11: Se describe el soporte especifico que permita evidenciar la ejecución del control descrito | AK11: De acuerdo a experiencia, historicos, estudios tecnicos y/o publicaciones o noticias sobre la ocurrencia del riesgo indentificado, selecciona la probabilidad de que ocurra el riesgo despues de implementar los controles: 1. El riesgo puede ocurrir solo en circunstancias excepcionales 2. El riesgo puede ocurrir en algún momento 3. El riesgo podría ocurrir en algún momento 4. El riesgo probablemente ocurrirá en la mayoría de las circunstancias 5. Se espera que el riesgo ocurra en la mayoría de las circunstancias | AL11: Las filas ALy AM se encuentran parametrizadas, las cuales apareceran acorde a la selección de la casilla AK | AN11: De acuerdo a experiencia, historicos, estudios tecnicos y/o publicaciones o noticias sobre la ocurrencia del riesgo indentificado, selecciona el impacto que puede llegar a generar en caso que se materialice el riesgo despues de implementar los controles: 1. Obstruye la ejecución del contrato de manera intrascendente./ Los sobrecostos no representan más del uno por ciento (1%) del valor del contrato. 2. Dificulta la ejecución del contrato de manera baja. aplicando medidas mínimas se puede lograr el objeto contractual./ Los sobrecostos no representan más del cinco por ciento (5%) del valor del contrato 3. Afecta la ejecución del contrato sin alternar el beneficio para las partes./ Generará un impacto sobre el valor del contrato entre cinco (5%) y el quince por ciento (15%) 4. Obstruye la ejecución del contrato sustancialmente pero aun así permite la consecución del objeto contractual./ Incrementa el valor del contrato entre quince (15%) y el treinta por ciento (30%) 5. Perturba la ejecución del contrato de manera grave imposibilitando la consecución del objeto contractual./ Impacto sobre el valor del contrato en más de treinta por ciento (30%) | AO11: Las filas AO y AP se encuentran parametrizadas, las cuales apareceran acorde a la selección de la casilla AN | AQ11: Las filas AQ y AR se encuentran parametrizadas, las cuales apareceran acorde a la selección de las casillas AK y AN | AS11: Selecciona si el riesgo afecta o no la ejecución del contrato | AT11: Selecciona la estrategia o tratamiento a tomar frente al riesgo identificado: - Evitar el Riesgo - Transferir el Riesgo - Aceptar el Riesgo -Reducir la probabilidad de la ocurrencia del evento - Reducir las consecuencias o el impacto del Riesgo | AU11: Se describen las acciones que se van a llevar a cabo en el monitoreo y seguimiento de los controles definidos para evitar la materizalización del riesgo | AV11: Cargo del responsable de las acciones descritas | AW11: Fecha en que se implementa el seguimiento | AX11: Fecha en que se realiza seguimiento | AY11: Evidencia final de la acción definida

Sheet Mapa final
B2: CODIGO: OADS-F-42 | G2: ESE HOSPITAL UNIVERSITARIO SAN RAFAEL TUNJA
B4: VERSION: 01 | G4: MAPA DE RIESGOS CONTRACTUALES | AX4: 45322
B6: Objeto del contrato
B8: Proceso | C8: Tipo de contrato | D8: Identificación del riesgo | M8: Análisis del riesgo inherente | U8: Evaluación del riesgo - Valoración de los controles | AK8: Evaluación del riesgo - Nivel del riesgo residual | AU8: Monitoreo y seguimiento
D9: No. DEL RIESGO | E9: Etapa | F9: Descripción del Riesgo | G9: Causas | H9: Consecuencias | I9: Clase | J9: Fuente | K9: Tipo | L9: ¿A quién se le asigna? | M9: Probabilidad | P9: Impacto | S9: Zona de riesgo inherente | U9: No. Control | V9: Descripción del Control/tratamiento | W9: Fecha estimada inicio tratamiento | X9: Fecha estimada completa tratamiento | Y9: Atributos | AK9: Probabilidad | AN9: Impacto | AQ9: Zona de riesgo inherente | AS9: ¿Afecta la ejecución del contrato? | AT9: Estrategia/ Tratamiento | AU9: ¿Cómo se realiza el monitoreo y seguimiento? | AV9: Responsable | AW9: Fecha Implementación | AX9: Fecha Seguimiento | AY9: Producto final
Y10: Tipo | AA10: Implementación | AC10: Documentación | AE10: Frecuencia | AG10: Evidencia | AJ10: Soporte Evidencia
C11: Contratación directa | D11: 1 | E11: Planeación | I11: General | J11: Interno | K11: Operacionales | L11: Entidad | M11: Se espera que el riesgo ocurra en la mayoría de las circunstancias | N11: =+IF(M11=Probabilidad!$D$3,Probabilidad!$C$3,IF(M11=Probabilidad!$D$4,Probabilidad!$C$4,IF('Mapa final'!M11=Probabilidad!$D$5,Probabilidad!$C$5,IF('Mapa final'!M11=Probabilidad!$D$6,Probabilidad!$C$6,IF('Mapa final'!M11=Probabilidad!$D$7,Probabilidad!$C$7,Probabilidad!$C$7))))) -> 5 | O11: =+IF(M11=Probabilidad!$D$3,Probabilidad!$B$3,IF(M11=Probabilidad!$D$4,Probabilidad!$B$4,IF('Mapa final'!M11=Probabilidad!$D$5,Probabilidad!$B$5,IF('Mapa final'!M11=Probabilidad!$D$6,Probabilidad!$B$6,IF('Mapa final'!M11=Probabilidad!$D$7,Probabilidad!$B$7,Probabilidad!$B$7))))) -> Casi cierto | P11: Los sobrecostos no representan más del cinco por ciento (5%) del valor del contrato | Q11: =VLOOKUP('Mapa final'!P11,Impacto!$B$3:$D$7,3,FALSE) -> 2 | R11: =VLOOKUP('Mapa final'!P11,Impacto!$B$3:$D$7,2,FALSE) -> Menor | S11: =+N11+Q11 -> 7 | T11: =IF(S11 <= 4, "Bajo", IF(S11 = 5, "Medio", IF(AND(S11 >= 6, S11 <= 7), "Alto", IF(S11 > 7, "Extremo", "")))) -> Alto | U11: 1 | V11: Responsable+Acción+frecuencia+soporte | W11: Desde la planeación | X11: Hasta la selección | Y11: Preventivo | Z11: 0.2 | AA11: Automatico | AB11: 0.15 | AC11: Documentado | AD11: =+VLOOKUP(AC11,Controles!I2:J3,2) -> 0.1 | AE11: Aleatoria | AF11: =+VLOOKUP(AE11,Controles!L2:M3,2) -> #N/A | AG11: Con registro | AH11: =+VLOOKUP(AG11,Controles!O2:P3,2) -> 0.1 | AI11: =+AVERAGE(Z11+AB11+AD11+AF11+AH11) -> #N/A | AJ11: Lista de chequeo con lo que contempla el eco | AK11: El riesgo puede ocurrir solo en circunstancias excepcionales | AL11: =+IF(AK11=Probabilidad!$D$3,Probabilidad!$C$3,IF(AK11=Probabilidad!$D$4,Probabilidad!$C$4,IF('Mapa final'!AK11=Probabilidad!$D$5,Probabilidad!$C$5,IF('Mapa final'!AK11=Probabilidad!$D$6,Probabilidad!$C$6,IF('Mapa final'!AK11=Probabilidad!$D$7,Probabilidad!$C$7,Probabilidad!$C$7))))) -> 1 | AM11: =+IF(AK11=Probabilidad!$D$3,Probabilidad!$B$3,IF(AK11=Probabilidad!$D$4,Probabilidad!$B$4,IF('Mapa final'!AK11=Probabilidad!$D$5,Probabilidad!$B$5,IF('Mapa final'!AK11=Probabilidad!$D$6,Probabilidad!$B$6,IF('Mapa final'!AK11=Probabilidad!$D$7,Probabilidad!$B$7,Probabilidad!$B$7))))) -> Raro | AN11: Generará un impacto sobre el valor del contrato entre cinco (5%) y el quince por ciento (15%) | AO11: =VLOOKUP('Mapa final'!AN11,Impacto!$B$3:$D$7,3,FALSE) -> 3 | AP11: =VLOOKUP('Mapa final'!AN11,Impacto!$B$3:$D$7,2,FALSE) -> Moderado | AQ11: =+AL11+AO11 -> 4 | AR11: =IF(AQ11 <= 4, "Bajo", IF(AQ11 = 5, "Medio", IF(AND(AQ11 >= 6, AQ11 <= 7), "Alto", IF(AQ11 > 7, "Extremo", "")))) -> Bajo | AS11: Si | AT11: Reducir la probabilidad
C12: Contratación directa | D12: 2 | E12: Selección | I12: Especifico | J12: Externo | K12: Financieros | L12: Entidad y contratista | M12: El riesgo puede ocurrir solo en circunstancias excepcionales | N12: =+IF(M12=Probabilidad!$D$3,Probabilidad!$C$3,IF(M12=Probabilidad!$D$4,Probabilidad!$C$4,IF('Mapa final'!M12=Probabilidad!$D$5,Probabilidad!$C$5,IF('Mapa final'!M12=Probabilidad!$D$6,Probabilidad!$C$6,IF('Mapa final'!M12=Probabilidad!$D$7,Probabilidad!$C$7,Probabilidad!$C$7))))) -> 1 | O12: =+IF(M12=Probabilidad!$D$3,Probabilidad!$B$3,IF(M12=Probabilidad!$D$4,Probabilidad!$B$4,IF('Mapa final'!M12=Probabilidad!$D$5,Probabilidad!$B$5,IF('Mapa final'!M12=Probabilidad!$D$6,Probabilidad!$B$6,IF('Mapa final'!M12=Probabilidad!$D$7,Probabilidad!$B$7,Probabilidad!$B$7))))) -> Raro | P12: Los sobrecostos no representan más del uno por ciento (1%) del valor del contrato | Q12: =VLOOKUP('Mapa final'!P12,Impacto!$B$3:$D$7,3,FALSE) -> 1 | R12: =VLOOKUP('Mapa final'!P12,Impacto!$B$3:$D$7,2,FALSE) -> Insignificante | S12: 2 | T12: =IF(S12 <= 4, "Bajo", IF(S12 = 5, "Medio", IF(AND(S12 >= 6, S12 <= 7), "Alto", IF(S12 > 7, "Extremo", "")))) -> Bajo | AG12: Con Registro | AK12: El riesgo puede ocurrir solo en circunstancias excepcionales | AL12: =+IF(AK12=Probabilidad!$D$3,Probabilidad!$C$3,IF(AK12=Probabilidad!$D$4,Probabilidad!$C$4,IF('Mapa final'!AK12=Probabilidad!$D$5,Probabilidad!$C$5,IF('Mapa final'!AK12=Probabilidad!$D$6,Probabilidad!$C$6,IF('Mapa final'!AK12=Probabilidad!$D$7,Probabilidad!$C$7,Probabilidad!$C$7))))) -> 1 | AM12: =+IF(AK12=Probabilidad!$D$3,Probabilidad!$B$3,IF(AK12=Probabilidad!$D$4,Probabilidad!$B$4,IF('Mapa final'!AK12=Probabilidad!$D$5,Probabilidad!$B$5,IF('Mapa final'!AK12=Probabilidad!$D$6,Probabilidad!$B$6,IF('Mapa final'!AK12=Probabilidad!$D$7,Probabilidad!$B$7,Probabilidad!$B$7))))) -> Raro | AN12: Generará un impacto sobre el valor del contrato entre cinco (5%) y el quince por ciento (15%) | AO12: =VLOOKUP('Mapa final'!AN12,Impacto!$B$3:$D$7,3,FALSE) -> 3 | AP12: =VLOOKUP('Mapa final'!AN12,Impacto!$B$3:$D$7,2,FALSE) -> Moderado | AQ12: =+AL12+AO12 -> 4 | AR12: =IF(AQ12 <= 4, "Bajo", IF(AQ12 = 5, "Medio", IF(AND(AQ12 >= 6, AQ12 <= 7), "Alto", IF(AQ12 > 7, "Extremo", "")))) -> Bajo | AS12: Si | AT12: Reducir la probabilidad
C13: Contratación directa | D13: 3 | E13: Contratación | I13: General | J13: Interno | K13: Financieros | L13: Entidad y contratista | M13: El riesgo puede ocurrir solo en circunstancias excepcionales | N13: =+IF(M13=Probabilidad!$D$3,Probabilidad!$C$3,IF(M13=Probabilidad!$D$4,Probabilidad!$C$4,IF('Mapa final'!M13=Probabilidad!$D$5,Probabilidad!$C$5,IF('Mapa final'!M13=Probabilidad!$D$6,Probabilidad!$C$6,IF('Mapa final'!M13=Probabilidad!$D$7,Probabilidad!$C$7,Probabilidad!$C$7))))) -> 1 | O13: =+IF(M13=Probabilidad!$D$3,Probabilidad!$B$3,IF(M13=Probabilidad!$D$4,Probabilidad!$B$4,IF('Mapa final'!M13=Probabilidad!$D$5,Probabilidad!$B$5,IF('Mapa final'!M13=Probabilidad!$D$6,Probabilidad!$B$6,IF('Mapa final'!M13=Probabilidad!$D$7,Probabilidad!$B$7,Probabilidad!$B$7))))) -> Raro | P13: Los sobrecostos no representan más del uno por ciento (1%) del valor del contrato | Q13: =VLOOKUP('Mapa final'!P13,Impacto!$B$3:$D$7,3,FALSE) -> 1 | R13: =VLOOKUP('Mapa final'!P13,Impacto!$B$3:$D$7,2,FALSE) -> Insignificante | S13: 2 | T13: =IF(S13 <= 4, "Bajo", IF(S13 = 5, "Medio", IF(AND(S13 >= 6, S13 <= 7), "Alto", IF(S13 > 7, "Extremo", "")))) -> Bajo | AG13: Con Registro | AK13: El riesgo puede ocurrir solo en circunstancias excepcionales | AL13: =+IF(AK13=Probabilidad!$D$3,Probabilidad!$C$3,IF(AK13=Probabilidad!$D$4,Probabilidad!$C$4,IF('Mapa final'!AK13=Probabilidad!$D$5,Probabilidad!$C$5,IF('Mapa final'!AK13=Probabilidad!$D$6,Probabilidad!$C$6,IF('Mapa final'!AK13=Probabilidad!$D$7,Probabilidad!$C$7,Probabilidad!$C$7))))) -> 1 | AM13: =+IF(AK13=Probabilidad!$D$3,Probabilidad!$B$3,IF(AK13=Probabilidad!$D$4,Probabilidad!$B$4,IF('Mapa final'!AK13=Probabilidad!$D$5,Probabilidad!$B$5,IF('Mapa final'!AK13=Probabilidad!$D$6,Probabilidad!$B$6,IF('Mapa final'!AK13=Probabilidad!$D$7,Probabilidad!$B$7,Probabilidad!$B$7))))) -> Raro | AN13: Generará un impacto sobre el valor del contrato entre cinco (5%) y el quince por ciento (15%) | AO13: =VLOOKUP('Mapa final'!AN13,Impacto!$B$3:$D$7,3,FALSE) -> 3 | AP13: =VLOOKUP('Mapa final'!AN13,Impacto!$B$3:$D$7,2,FALSE) -> Moderado | AQ13: =+AL13+AO13 -> 4 | AR13: =IF(AQ13 <= 4, "Bajo", IF(AQ13 = 5, "Medio", IF(AND(AQ13 >= 6, AQ13 <= 7), "Alto", IF(AQ13 > 7, "Extremo", "")))) -> Bajo | AS13: Si | AT13: Reducir la probabilidad
C14: Contratación directa | D14: 4 | E14: Ejecución | L14: Entidad y contratista | M14: El riesgo puede ocurrir solo en circunstancias excepcionales | N14: =+IF(M14=Probabilidad!$D$3,Probabilidad!$C$3,IF(M14=Probabilidad!$D$4,Probabilidad!$C$4,IF('Mapa final'!M14=Probabilidad!$D$5,Probabilidad!$C$5,IF('Mapa final'!M14=Probabilidad!$D$6,Probabilidad!$C$6,IF('Mapa final'!M14=Probabilidad!$D$7,Probabilidad!$C$7,Probabilidad!$C$7))))) -> 1 | O14: =+IF(M14=Probabilidad!$D$3,Probabilidad!$B$3,IF(M14=Probabilidad!$D$4,Probabilidad!$B$4,IF('Mapa final'!M14=Probabilidad!$D$5,Probabilidad!$B$5,IF('Mapa final'!M14=Probabilidad!$D$6,Probabilidad!$B$6,IF('Mapa final'!M14=Probabilidad!$D$7,Probabilidad!$B$7,Probabilidad!$B$7))))) -> Raro | P14: Los sobrecostos no representan más del uno por ciento (1%) del valor del contrato | Q14: =VLOOKUP('Mapa final'!P14,Impacto!$B$3:$D$7,3,FALSE) -> 1 | R14: =VLOOKUP('Mapa final'!P14,Impacto!$B$3:$D$7,2,FALSE) -> Insignificante | S14: 2 | T14: =IF(S14 <= 4, "Bajo", IF(S14 = 5, "Medio", IF(AND(S14 >= 6, S14 <= 7), "Alto", IF(S14 > 7, "Extremo", "")))) -> Bajo | AG14: Con Registro | AK14: El riesgo puede ocurrir solo en circunstancias excepcionales | AL14: =+IF(AK14=Probabilidad!$D$3,Probabilidad!$C$3,IF(AK14=Probabilidad!$D$4,Probabilidad!$C$4,IF('Mapa final'!AK14=Probabilidad!$D$5,Probabilidad!$C$5,IF('Mapa final'!AK14=Probabilidad!$D$6,Probabilidad!$C$6,IF('Mapa final'!AK14=Probabilidad!$D$7,Probabilidad!$C$7,Probabilidad!$C$7))))) -> 1 | AM14: =+IF(AK14=Probabilidad!$D$3,Probabilidad!$B$3,IF(AK14=Probabilidad!$D$4,Probabilidad!$B$4,IF('Mapa final'!AK14=Probabilidad!$D$5,Probabilidad!$B$5,IF('Mapa final'!AK14=Probabilidad!$D$6,Probabilidad!$B$6,IF('Mapa final'!AK14=Probabilidad!$D$7,Probabilidad!$B$7,Probabilidad!$B$7))))) -> Raro | AN14: Generará un impacto sobre el valor del contrato entre cinco (5%) y el quince por ciento (15%) | AO14: =VLOOKUP('Mapa final'!AN14,Impacto!$B$3:$D$7,3,FALSE) -> 3 | AP14: =VLOOKUP('Mapa final'!AN14,Impacto!$B$3:$D$7,2,FALSE) -> Moderado | AQ14: =+AL14+AO14 -> 4 | AR14: =IF(AQ14 <= 4, "Bajo", IF(AQ14 = 5, "Medio", IF(AND(AQ14 >= 6, AQ14 <= 7), "Alto", IF(AQ14 > 7, "Extremo", "")))) -> Bajo | AS14: Si | AT14: Reducir la probabilidad
C15: Contratación directa | D15: 5 | E15: Ejecución | L15: Entidad y contratista | M15: El riesgo puede ocurrir solo en circunstancias excepcionales | N15: =+IF(M15=Probabilidad!$D$3,Probabilidad!$C$3,IF(M15=Probabilidad!$D$4,Probabilidad!$C$4,IF('Mapa final'!M15=Probabilidad!$D$5,Probabilidad!$C$5,IF('Mapa final'!M15=Probabilidad!$D$6,Probabilidad!$C$6,IF('Mapa final'!M15=Probabilidad!$D$7,Probabilidad!$C$7,Probabilidad!$C$7))))) -> 1 | O15: =+IF(M15=Probabilidad!$D$3,Probabilidad!$B$3,IF(M15=Probabilidad!$D$4,Probabilidad!$B$4,IF('Mapa final'!M15=Probabilidad!$D$5,Probabilidad!$B$5,IF('Mapa final'!M15=Probabilidad!$D$6,Probabilidad!$B$6,IF('Mapa final'!M15=Probabilidad!$D$7,Probabilidad!$B$7,Probabilidad!$B$7))))) -> Raro | P15: Los sobrecostos no representan más del uno por ciento (1%) del valor del contrato | Q15: =VLOOKUP('Mapa final'!P15,Impacto!$B$3:$D$7,3,FALSE) -> 1 | R15: =VLOOKUP('Mapa final'!P15,Impacto!$B$3:$D$7,2,FALSE) -> Insignificante | S15: 2 | T15: =IF(S15 <= 4, "Bajo", IF(S15 = 5, "Medio", IF(AND(S15 >= 6, S15 <= 7), "Alto", IF(S15 > 7, "Extremo", "")))) -> Bajo | AG15: Con Registro | AK15: El riesgo puede ocurrir solo en circunstancias excepcionales | AL15: =+IF(AK15=Probabilidad!$D$3,Probabilidad!$C$3,IF(AK15=Probabilidad!$D$4,Probabilidad!$C$4,IF('Mapa final'!AK15=Probabilidad!$D$5,Probabilidad!$C$5,IF('Mapa final'!AK15=Probabilidad!$D$6,Probabilidad!$C$6,IF('Mapa final'!AK15=Probabilidad!$D$7,Probabilidad!$C$7,Probabilidad!$C$7))))) -> 1 | AM15: =+IF(AK15=Probabilidad!$D$3,Probabilidad!$B$3,IF(AK15=Probabilidad!$D$4,Probabilidad!$B$4,IF('Mapa final'!AK15=Probabilidad!$D$5,Probabilidad!$B$5,IF('Mapa final'!AK15=Probabilidad!$D$6,Probabilidad!$B$6,IF('Mapa final'!AK15=Probabilidad!$D$7,Probabilidad!$B$7,Probabilidad!$B$7))))) -> Raro | AN15: Generará un impacto sobre el valor del contrato entre cinco (5%) y el quince por ciento (15%) | AO15: =VLOOKUP('Mapa final'!AN15,Impacto!$B$3:$D$7,3,FALSE) -> 3 | AP15: =VLOOKUP('Mapa final'!AN15,Impacto!$B$3:$D$7,2,FALSE) -> Moderado | AQ15: =+AL15+AO15 -> 4 | AR15: =IF(AQ15 <= 4, "Bajo", IF(AQ15 = 5, "Medio", IF(AND(AQ15 >= 6, AQ15 <= 7), "Alto", IF(AQ15 > 7, "Extremo", "")))) -> Bajo | AS15: Si | AT15: Reducir la probabilidad
C16: Contratación directa | D16: 6 | E16: Ejecución | L16: Entidad y contratista | M16: El riesgo puede ocurrir solo en circunstancias excepcionales | N16: =+IF(M16=Probabilidad!$D$3,Probabilidad!$C$3,IF(M16=Probabilidad!$D$4,Probabilidad!$C$4,IF('Mapa final'!M16=Probabilidad!$D$5,Probabilidad!$C$5,IF('Mapa final'!M16=Probabilidad!$D$6,Probabilidad!$C$6,IF('Mapa final'!M16=Probabilidad!$D$7,Probabilidad!$C$7,Probabilidad!$C$7))))) -> 1 | O16: =+IF(M16=Probabilidad!$D$3,Probabilidad!$B$3,IF(M16=Probabilidad!$D$4,Probabilidad!$B$4,IF('Mapa final'!M16=Probabilidad!$D$5,Probabilidad!$B$5,IF('Mapa final'!M16=Probabilidad!$D$6,Probabilidad!$B$6,IF('Mapa final'!M16=Probabilidad!$D$7,Probabilidad!$B$7,Probabilidad!$B$7))))) -> Raro | P16: Los sobrecostos no representan más del uno por ciento (1%) del valor del contrato | Q16: =VLOOKUP('Mapa final'!P16,Impacto!$B$3:$D$7,3,FALSE) -> 1 | R16: =VLOOKUP('Mapa final'!P16,Impacto!$B$3:$D$7,2,FALSE) -> Insignificante | S16: 2 | T16: =IF(S16 <= 4, "Bajo", IF(S16 = 5, "Medio", IF(AND(S16 >= 6, S16 <= 7), "Alto", IF(S16 > 7, "Extremo", "")))) -> Bajo | AG16: Con Registro | AK16: El riesgo puede ocurrir solo en circunstancias excepcionales | AL16: =+IF(AK16=Probabilidad!$D$3,Probabilidad!$C$3,IF(AK16=Probabilidad!$D$4,Probabilidad!$C$4,IF('Mapa final'!AK16=Probabilidad!$D$5,Probabilidad!$C$5,IF('Mapa final'!AK16=Probabilidad!$D$6,Probabilidad!$C$6,IF('Mapa final'!AK16=Probabilidad!$D$7,Probabilidad!$C$7,Probabilidad!$C$7))))) -> 1 | AM16: =+IF(AK16=Probabilidad!$D$3,Probabilidad!$B$3,IF(AK16=Probabilidad!$D$4,Probabilidad!$B$4,IF('Mapa final'!AK16=Probabilidad!$D$5,Probabilidad!$B$5,IF('Mapa final'!AK16=Probabilidad!$D$6,Probabilidad!$B$6,IF('Mapa final'!AK16=Probabilidad!$D$7,Probabilidad!$B$7,Probabilidad!$B$7))))) -> Raro | AN16: Generará un impacto sobre el valor del contrato entre cinco (5%) y el quince por ciento (15%) | AO16: =VLOOKUP('Mapa final'!AN16,Impacto!$B$3:$D$7,3,FALSE) -> 3 | AP16: =VLOOKUP('Mapa final'!AN16,Impacto!$B$3:$D$7,2,FALSE) -> Moderado | AQ16: =+AL16+AO16 -> 4 | AR16: =IF(AQ16 <= 4, "Bajo", IF(AQ16 = 5, "Medio", IF(AND(AQ16 >= 6, AQ16 <= 7), "Alto", IF(AQ16 > 7, "Extremo", "")))) -> Bajo | AS16: Si | AT16: Reducir la probabilidad

Sheet Identificación
B2: TIPO DE CONTRATO | D2: Posibles riesgos | E2: Posibles causas | F2: Posibles consecuencias
B3: Convocatoria pública | D3: Inadecuada definición de los estudios previos de conveniencia y oportunidad. | E3: Desconocimiento en lo contractual. | F3: No se tienen en cuenta todas las garantias contractuales que aplican.
B4: Contratación directa | D4: Selección de contratista que no cumple con las especificaciones técnicas, administrativas, contables y jurídicas requeridas por el hospital. | E4: Desconocimiento de las necesidades requeridas contenidas en el plan anual de adquisiciones. | F4: Demora en la proyección y aprobación del proyecto de los terminos de referencia previos.
B5: Subasta interna | D5: No inclusión de garantías que cubran el contrato. | E5: Desconocimiento del manual de contratación. | F5: Selección de contratista que no cumple con las necesidades requeridas.
D6: Contratación de mano de obra no calificada por parte del contratista. | E6: Inadecuada definición de los estudios previos de conveniencia y oportunidad. | F6: Demoras en el inicio de la ejecución del contrato.
B7: ETAPAS CONTRACTUALES | D7: Posibilidad de presentarse demoras en la ejecución del contrato asociados a posibles fluctuaciones de precios y desabastecimientos de los insumos. | E7: Desconocimiento del manual de contratación. | F7: Incumplimiento a la necesidad propuesta.
B8: Planeación | D8: Posibilidad de presentar demoras en la ejecución del contrato asociado a la presencia de fenómenos del orden social, económico o político, como son: los paros cívicos. | E8: No indagación de inhabilidades o incompatibilidades del contratista. | F8: Sanciones
B9: Selección | D9: Incumplimiento del contratista frente a las obligaciones, calidad y ejecución oportuna | E9: Diferencias en el cruce de cuentas. | F9: Incumplimiento al artículo 60 de la ley 80 de 1993 que trata sobre la liquidación de los contratos Estatales.
B10: Contratación | D10: Adquisición de materiales que no cumplan con las especificaciones contractuales por no contar con la liquidez para obtener los recursos. | E10: Demora en la entrega del informe final. | F10: Sanciones de tipo disciplinario y penal.
B11: Ejecución | D11: Expedición de normas que impongan nuevos tributos, impuestos o cargas parafiscales, que pueden afectar la ejecución presupuestal del contrato. | E11: Demora en la presentación de informe final de supervisión. | F11: Lesión temporal, permanente o muerte.
D12: Posibilidad de generar pérdidas económicas asociadas a la presencia de eventos de fuerza mayor como los fenómenos de la naturaleza generalmente catastróficos como temblores, lluvias, y demás. | E12: Incumplimiento del contrato. | F12: Deterioro en el estado de salud o muerte.
B13: CLASE | D13: Contaminación ambiental generados por fuga o derrame de la sustancia a suministrar. | E13: No inclusión de obligaciones contractuales dentro de las garantías del contrato. | F13: Falta de continuidad del tratamiento y no adherencia al tratamiento por parte del usuario.
B14: General | D14: Falla de los sistemas de información, de comunicación, datos y de más elementos. | E14: No adherencia a procedimientos. | F14: Fallas de calidad en el proceso de atención.
B15: Especifico | D15: Posibilidad de sanciones asociado a la indebida expedición de pólizas o constitución inadecuada o tardía de las garantías contractuales exigidas | E15: Desconocimiento de procedimientos. | F15: Complicación en la patología del paciente.
D16: Posibilidad de presentar demora en la ejecución del contrato asociado a modificaciones de las condiciones inicialmente contempladas en el contrato | F16: Inoportunidad o falta de oportunidad por insuficiencia de personal.
B17: FUENTE | D17: Posibilidad de presentarse Accidentes de trabajo y enfermedad profesional asociadas a la ejecución del contrato | F17: Incremento en el valor de la prestación del servicio
B18: Interno | D18: Posibilidad de incumplimiento a la Política de Confidencialidad de la Institución asociado al indebido manejo de la información | F18: Costos no previstos
B19: Externo | D19: Posibilidad de demora en el pago asociada al Incumplimiento en el pago de prestaciones sociales por el contratista | F19: Fallas en la prestación del servicio por medicamentos o tecnologías no incluidas en las guías de práctica clínica
D20: Posibilidad de requerir servicios adicionales necesarios para el cumplimiento del objeto contractual | F20: Demoras en la prestación del servicio por ausentismo laboral relacionado con enfermedad o accidente laboral
B21: TIPO | D21: Posibilidad de que se declare desierto el proceso de selección asociado a la entrega de documentación inapropiada para el objeto a contratar | F21: Fallas en la calidad de la prestación de servicios
B22: Económicos | D22: Probabilidad de presentarse un evento adverso asociado a la atención en salud relacionado con la emisión de un concepto erróneo en el diagnóstico | F22: Acciones ilegales que se hacen públicas y que están relacionadas con la empresa
B23: Sociales o Políticos | D23: Probabilidad de presentarse un evento adverso asociado a la atención en salud relacionada con la definición tardía de la conducta clínica en el diagnóstico o tratamiento | F23: Despidos y escándalos internos que se hacen públicos
B24: Operacionales | D24: Probabilidad de presentarse un evento adverso relacionada con infección asociada a la atención en salud en ámbitos clínicos o quirúrgicos | F24: Actuaciones
B25: Financieros | D25: Probabilidad de presentarse un evento adverso por errores en prácticas clínicas o quirúrgicas relacionadas con la técnica, al sitio operatorio, reintervencionismos, entre otros | F25: Multas y sanciones por parte de entes de control
B26: Regulatorios | D26: Probabilidad de deterioro en el estado de salud, muerte relacionada con errores en la formulación de medicamentos, terapias o dispositivos médicos entre otros | F26: Procesos disciplinarios
B27: Naturaleza | D27: Posibilidad de presentarse fallas en la entrega o descripción de información terapéutica o administrativa probablemente errónea o desactualizada relacionada con el proceso de atención | F27: Sanciones penales
B28: Ambientales | D28: Probabilidad de recolectar información errónea en registros clínicos, formatos institucionales, consentimientos informados entre otros porque se presentan inconvenientes en la entrevista o porque el usuario suministra información errónea.
B29: Tecnológicos | D29: Probabilidad de incumplimiento en la ejecución del número de jornadas laborales según especificaciones técnicas del contrato y cuadros de turno por el retraso en los procesos diarios y fallas en la prestación del servicio.
D30: Probabilidad de sobrecostos y/o costos no relacionados con la prestación de servicios de salud adicionales, relacionados con la toma de decisiones terapéuticas no incluidas en las guías de práctica clínica pero concernientes con cumplimiento del objeto contractual
B31: ¿A quién se le asigna? | D31: Posibilidad de presentar quejas por la prestación del servicio asociadas a la prestación del servicio que pueden predisponer o incrementar el riesgo de ocurrencia de un incidente o evento adverso durante la ejecución del contrato
B32: Entidad | D32: Incapacidad constante para satisfacer las necesidades de los clientes o no cumplir sus expectativas
B33: Contratista | D33: Posibilidad de recibir o solicitar cualquier dádiva o beneficio a nombre propio o de terceros con el fin de omitir algún potencial o clientes activos que se encuentre relacionado con temas de Lavado de Activos o Financiación del Terrorismo
B34: Entidad y contratista | D34: Posibilidad de presentarse pérdidas económicas asociadas a la presentación de servicio factura con mayor valor del servicio prestado por parte del contratista
D35: Posibilidad de aparición de eventos relacionados con la no adherencia a la aplicación de guías de práctica clínica y/o protocolos institucionales
D36: Demoras en la liquidación
B40: ¿Afecta la ejecución del contrato?
B41: Si
B42: No

Sheet Probabilidad
B2: Probabilidad | D2: Descripción
B3: Raro | C3: 1 | D3: El riesgo puede ocurrir solo en circunstancias excepcionales
B4: Improbable | C4: 2 | D4: El riesgo puede ocurrir en algún momento
B5: Posible | C5: 3 | D5: El riesgo podría ocurrir en algún momento
B6: Probable | C6: 4 | D6: El riesgo probablemente ocurrirá en la mayoría de las circunstancias
B7: Casi cierto | C7: 5 | D7: Se espera que el riesgo ocurra en la mayoría de las circunstancias

Sheet Impacto
C2: Impacto | E2: Calificación cualitativa | F2: Calificación monetaria
B3: Los sobrecostos no representan más del uno por ciento (1%) del valor del contrato | C3: Insignificante | D3: 1 | E3: Obstruye la ejecución del contrato de manera intrascendente | F3: Los sobrecostos no representan más del uno por ciento (1%) del valor del contrato
B4: Los sobrecostos no representan más del cinco por ciento (5%) del valor del contrato | C4: Menor | D4: 2 | E4: Dificulta la ejecución del contrato de manera baja. aplicando medidas mínimas se puede lograr el objeto contractual | F4: Los sobrecostos no representan más del cinco por ciento (5%) del valor del contrato
B5: Generará un impacto sobre el valor del contrato entre cinco (5%) y el quince por ciento (15%) | C5: Moderado | D5: 3 | E5: Afecta la ejecución del contrato sin alternar el beneficio para las partes | F5: Generará un impacto sobre el valor del contrato entre cinco (5%) y el quince por ciento (15%)
B6: Incrementa el valor del contrato entre quince (15%) y el treinta por ciento (30%) | C6: Mayor | D6: 4 | E6: Obstruye la ejecución del contrato sustancialmente pero aun así permite la consecución del objeto contractual | F6: Incrementa el valor del contrato entre quince (15%) y el treinta por ciento (30%)
B7: Impacto sobre el valor del contrato en más de treinta por ciento (30%) | C7: Catastrófico | D7: 5 | E7: Perturba la ejecución del contrato de manera grave imposibilitando la consecución del objeto contractual | F7: Impacto sobre el valor del contrato en más de treinta por ciento (30%)

Sheet Matriz
D2: IMPACTO
B4: PROBABILIDAD | C4: Raro | D4: 2 | E4: 3 | F4: 4 | G4: 5 | H4: 6 | J4: Extremo
C5: 1
C6: Improbable | D6: 3 | E6: 4 | F6: 5 | G6: 6 | H6: 6 | J6: Alto
C7: 2
C8: Posible | D8: 4 | E8: 5 | F8: 6 | G8: 7 | H8: 8 | J8: Medio
C9: 3
C10: Probable | D10: 5 | E10: 6 | F10: 7 | G10: 8 | H10: 9 | J10: Bajo
C11: 4
C12: Casi cierto | D12: 6 | E12: 7 | F12: 8 | G12: 9 | H12: 10
C13: 5
D14: Insignificante | E14: Menor | F14: Moderado | G14: Mayor | H14: Catastrófico
D15: 1 | E15: 2 | F15: 3 | G15: 4 | H15: 5

Sheet Controles
B2: Tipo | C2: Preventivo | D2: 0.2 | E2: Implementación | F2: Manual | G2: 0.1 | H2: Documentación | I2: Documentado | J2: 0.1 | K2: Frecuencia | L2: Continua | M2: 0.1 | N2: Registro | O2: Con registro | P2: 0.1
C3: Correctivo | D3: 0.15 | F3: Automatico | G3: 0.15 | I3: Sin documentar | J3: 0 | L3: Aleatoria | M3: 0 | O3: Sin registro | P3: 0
C4: Detectivo | D4: 0.1
B6: Tratamiento | C6: Evitar | F6: =+D2+D3+D4+G2+G3+J2+J3+M2+M3+P2+P3 -> 1
C7: Transferir
C8: Aceptar
C9: Reducir la probabilidad
C10: Reducir el impacto
B12: Tiempos | C12: Desde la planeación | D12: Hasta la selección
C13: Desde la selección | D13: Hasta la contratación
C14: Desde la contratación | D14: Hasta la ejecución
C15: Desde la ejecución | D15: Hasta la liquidación

Sheet Control de cambios
B4: ESE HOSPITAL UNIVERSITARIO SAN RAFAEL DE TUNJA
B5: MAPA DE RIESGOS CONTRACTUALES
B7: CONTROL DE CAMBIOS
B8: No. VERSION | D8: FECHA | E8: RESPONSABLE | F8: DESCRIPCION
B9: 1 | D9: 45322 | E9: Lina Maria Patarroyo | F9: Cración de formato

Sheet QUIRÚRGICAS
B2: CÓDIGO: OADS-F-42 | G2: ESE HOSPITAL UNIVERSITARIO SAN RAFAEL TUNJA
B4: VERSIÓN: 01 | G4: MAPA DE RIESGOS CONTRACTUALES | AX4: 45322
B6: Objeto del contrato | D6: SERVICIOS ESPECIALIZADOS EN ANESTESIOLOGÍA PARA LA E.S.E. HOSPITAL UNIVERSITARIO SAN RAFAEL DE TUNJA
B8: Proceso | C8: Tipo de contrato | D8: Identificación del riesgo | M8: Análisis del riesgo inherente | U8: Evaluación del riesgo - Valoración de los controles | AK8: Evaluación del riesgo - Nivel del riesgo residual | AU8: Monitoreo y seguimiento
D9: No. DEL RIESGO | E9: Etapa | F9: Descripción del Riesgo | G9: Causas | H9: Consecuencias | I9: Clase | J9: Fuente | K9: Tipo | L9: ¿A quién se le asigna? | M9: Probabilidad | P9: Impacto | S9: Zona de riesgo inherente | U9: No. Control | V9: Descripción del Control/tratamiento | W9: Fecha estimada inicio tratamiento | X9: Fecha estimada completa tratamiento | Y9: Atributos | AK9: Probabilidad | AN9: Impacto | AQ9: Zona de riesgo inherente | AS9: ¿Afecta la ejecución del contrato? | AT9: Estrategia/ Tratamiento | AU9: ¿Cómo se realiza el monitoreo y seguimiento? | AV9: Responsable | AW9: Fecha Implementación | AX9: Fecha Seguimiento | AY9: Producto final
Y10: Tipo | AA10: Implementación | AC10: Documentación | AE10: Frecuencia | AG10: Evidencia | AJ10: Soporte Evidencia
B11: Gestión quirúrgica | C11: Contratación directa | D11: 1 | E11: Planeación | F11: Inadecuada definición de los estudios previos de conveniencia y oportunidad (Objeto, descripción de la necesidad, especificaciones técnicas del objeto contractual, plazo de ejecución, forma de pago, especificaciones técnicas del servicio, obligaciones contractuales, análsisi de mercado y/o histórico de precios, riesgos de la contratación, cobertura de los riesgos, criterios de selección, entre otros) que puedan conllevar a fallas en la prestación de los servicios. | G11: 1. Desconocimiento en lo contractual. 2. Desconocimiento de las necesidades requeridas contenidas en el plan anual de adquisiciones. 3. Desconocimiento del manual de contratación. 4. Falta de planeación de la oferta del servicio. 5. Conflictos en la definición del objeto contractual. 6. Selección del objeto contractual sin el abordaje requerido para el cubrimiento de la necesidad de la entidad. | H11: 1. No se tienen en cuenta todas las garantías contractuales que aplican. 2. Demora en la proyección y aprobación del proyecto de los términos de referencia previos. 3. Selección del objeto contractual sin el abordaje requerido para el cubrimiento de la necesidad de la entidad, generando conflictos en la ejecución, sobrecostos o daños jurídicos a la entidad. 4. Demoras en el inicio de la ejecución del contrato. 5. Incumplimiento a la necesidad propuesta. | I11: General | J11: Interno | K11: Operacionales | L11: Entidad | M11: El riesgo podría ocurrir en algún momento | N11: =+IF(M11=Probabilidad!$D$3,Probabilidad!$C$3,IF(M11=Probabilidad!$D$4,Probabilidad!$C$4,IF(QUIRÚRGICAS!M11=Probabilidad!$D$5,Probabilidad!$C$5,IF(QUIRÚRGICAS!M11=Probabilidad!$D$6,Probabilidad!$C$6,IF(QUIRÚRGICAS!M11=Probabilidad!$D$7,Probabilidad!$C$7,Probabilidad!$C$7))))) -> 3 | O11: =+IF(M11=Probabilidad!$D$3,Probabilidad!$B$3,IF(M11=Probabilidad!$D$4,Probabilidad!$B$4,IF(QUIRÚRGICAS!M11=Probabilidad!$D$5,Probabilidad!$B$5,IF(QUIRÚRGICAS!M11=Probabilidad!$D$6,Probabilidad!$B$6,IF(QUIRÚRGICAS!M11=Probabilidad!$D$7,Probabilidad!$B$7,Probabilidad!$B$7))))) -> Posible | P11: Generará un impacto sobre el valor del contrato entre cinco (5%) y el quince por ciento (15%) | Q11: =VLOOKUP(QUIRÚRGICAS!P11,Impacto!$B$3:$D$7,3,FALSE) -> 3 | R11: =VLOOKUP(QUIRÚRGICAS!P11,Impacto!$B$3:$D$7,2,FALSE) -> Moderado | S11: =+N11+Q11 -> 6 | T11: =IF(S11 <= 4, "Bajo", IF(S11 = 5, "Medio", IF(AND(S11 >= 6, S11 <= 7), "Alto", IF(S11 > 7, "Extremo", "")))) -> Alto | U11: 4 | V11: El coordinador de gestión quirúrgica debe: 1. Realizar la identificación de las garantías contractuales que aplican según lo establecido en el manual de contratación. 2. Realizar la correcta planeación en la proyección y aprobación del proyecto de los términos de referencia previos. 3. Realizar la selección del objeto contractual con el abordaje requerido para el cubrimiento de la necesidad de la entidad, minimizando la aparición de conflictos en la ejecución, sobrecostos o daños jurídicos a la entidad. 4. Proyectar el estudio previo de conveniencia y opotunidad C-F-27 de acuerdo a la necesidad y disponibilidad de presupuesto de acuerdo a lo descrito en el manual de contratación; el cual es validado y aprobado por asesora de desarrollo de servicios. | W11: Desde la planeación | X11: Hasta la selección | Y11: Preventivo | Z11: 0.2 | AA11: Manual | AB11: 0.15 | AC11: Documentado | AD11: =+VLOOKUP(AC11,Controles!I2:J3,2) -> 0.1 | AE11: Continua | AF11: =+VLOOKUP(AE11,Controles!L2:M3,2) -> 0.1 | AG11: Con registro | AH11: =+VLOOKUP(AG11,Controles!O2:P3,2) -> 0.1 | AI11: =+AVERAGE(Z11+AB11+AD11+AF11+AH11) -> 0.65 | AJ11: Formato C-F27 estudio previo de conveniencia y oportunidad | AK11: El riesgo puede ocurrir solo en circunstancias excepcionales | AL11: =+IF(AK11=Probabilidad!$D$3,Probabilidad!$C$3,IF(AK11=Probabilidad!$D$4,Probabilidad!$C$4,IF(QUIRÚRGICAS!AK11=Probabilidad!$D$5,Probabilidad!$C$5,IF(QUIRÚRGICAS!AK11=Probabilidad!$D$6,Probabilidad!$C$6,IF(QUIRÚRGICAS!AK11=Probabilidad!$D$7,Probabilidad!$C$7,Probabilidad!$C$7))))) -> 1 | AM11: =+IF(AK11=Probabilidad!$D$3,Probabilidad!$B$3,IF(AK11=Probabilidad!$D$4,Probabilidad!$B$4,IF(QUIRÚRGICAS!AK11=Probabilidad!$D$5,Probabilidad!$B$5,IF(QUIRÚRGICAS!AK11=Probabilidad!$D$6,Probabilidad!$B$6,IF(QUIRÚRGICAS!AK11=Probabilidad!$D$7,Probabilidad!$B$7,Probabilidad!$B$7))))) -> Raro | AN11: Generará un impacto sobre el valor del contrato entre cinco (5%) y el quince por ciento (15%) | AO11: =VLOOKUP(QUIRÚRGICAS!AN11,Impacto!$B$3:$D$7,3,FALSE) -> 3 | AP11: =VLOOKUP(QUIRÚRGICAS!AN11,Impacto!$B$3:$D$7,2,FALSE) -> Moderado | AQ11: =+AL11+AO11 -> 4 | AR11: =IF(AQ11 <= 4, "Bajo", IF(AQ11 = 5, "Medio", IF(AND(AQ11 >= 6, AQ11 <= 7), "Alto", IF(AQ11 > 7, "Extremo", "")))) -> Bajo | AS11: Si | AT11: Reducir la probabilidad | AU11: 1. Verificar que se haya realizado la identificación de las garantías contractuales que aplican. 2. Verificar el proceso de planeación en la proyección y aprobación del proyecto de los términos de referencia previos. 3. Validar con el área jurídica y de contratación la selección del objeto contractual con el abordaje requerido para el cubrimiento de la necesidad de la entidad, minimizando la aparición de conflictos en la ejecución, sobrecostos o daños jurídicos a la entidad. | AV11: Supervisor del contrato Apoyo a la supervisión Jurídica Contratación | AW11: Desde la planeación | AX11: Hasta la selección del contratista | AY11: Estudios de conveniencia con la correcta definición técnica de las especificaciones del contrato validado por el área jurídica y financiera de la entidad// Acta de aprobación del comité de contratación.
B12: Gestión quirúrgica | C12: Contratación directa | D12: 2 | E12: Planeación | F12: Requisitos habilitantes no apropiados para el proceso de contratación | G12: 1. Desconocimiento en lo contractual. 2. Desconocimiento de las necesidades requeridas contenidas en el plan anual de adquisiciones. 3. Desconocimiento del manual de contratación. 4. Falta de planeación de la oferta del servicio | H12: 1. Afecta la obtención o cubrimiento de las necesidades requeridas en el objeto contractual. 2. Sanciones 3. Demora en la elaboración, suscripción y perfeccionamiento del contrato. 4. Demora en la ejecución del contratación. | I12: General | J12: Interno | K12: Operacionales | L12: Entidad | M12: El riesgo podría ocurrir en algún momento | N12: 3 | O12: =+IF(M12=Probabilidad!$D$3,Probabilidad!$B$3,IF(M12=Probabilidad!$D$4,Probabilidad!$B$4,IF(QUIRÚRGICAS!M12=Probabilidad!$D$5,Probabilidad!$B$5,IF(QUIRÚRGICAS!M12=Probabilidad!$D$6,Probabilidad!$B$6,IF(QUIRÚRGICAS!M12=Probabilidad!$D$7,Probabilidad!$B$7,Probabilidad!$B$7))))) -> Posible | P12: Incrementa el valor del contrato entre quince (15%) y el treinta por ciento (30%) | Q12: =VLOOKUP(QUIRÚRGICAS!P12,Impacto!$B$3:$D$7,3,FALSE) -> 4 | R12: =VLOOKUP(QUIRÚRGICAS!P12,Impacto!$B$3:$D$7,2,FALSE) -> Mayor | S12: =+N12+Q12 -> 7 | T12: =IF(S12 <= 4, "Bajo", IF(S12 = 5, "Medio", IF(AND(S12 >= 6, S12 <= 7), "Alto", IF(S12 > 7, "Extremo", "")))) -> Alto | U12: 1 | V12: El coordinador de gestión quirúrgica debe: 1. Definir los requisitos habilitantes para: a. Identificar la experiencia mínima requerida para la realización del objeto contractual. b. Definir la capacidad jurídica con relación al objeto del contrato y las inhabilidades, incompatibilidades y conflictos de interés. c. Definir la capacidad financiera con relación al objeto del contrato y su capacidad organizacional d. Validación por el área jurídica de la definición de los requisitos habilitantes. | W12: Desde la planeación | X12: Hasta la contratación | Y12: Preventivo | AA12: Manual | AC12: Documentado | AE12: Continua | AG12: Con registro | AJ12: 1. Requisitos habilitantes establecidos en el estudio de conveniencia y oportunidad | AK12: El riesgo puede ocurrir en algún momento | AL12: =+IF(AK12=Probabilidad!$D$3,Probabilidad!$C$3,IF(AK12=Probabilidad!$D$4,Probabilidad!$C$4,IF(QUIRÚRGICAS!AK12=Probabilidad!$D$5,Probabilidad!$C$5,IF(QUIRÚRGICAS!AK12=Probabilidad!$D$6,Probabilidad!$C$6,IF(QUIRÚRGICAS!AK12=Probabilidad!$D$7,Probabilidad!$C$7,Probabilidad!$C$7))))) -> 2 | AM12: =+IF(AK12=Probabilidad!$D$3,Probabilidad!$B$3,IF(AK12=Probabilidad!$D$4,Probabilidad!$B$4,IF(QUIRÚRGICAS!AK12=Probabilidad!$D$5,Probabilidad!$B$5,IF(QUIRÚRGICAS!AK12=Probabilidad!$D$6,Probabilidad!$B$6,IF(QUIRÚRGICAS!AK12=Probabilidad!$D$7,Probabilidad!$B$7,Probabilidad!$B$7))))) -> Improbable | AN12: Incrementa el valor del contrato entre quince (15%) y el treinta por ciento (30%) | AO12: =VLOOKUP(QUIRÚRGICAS!AN12,Impacto!$B$3:$D$7,3,FALSE) -> 4 | AP12: =VLOOKUP(QUIRÚRGICAS!AN12,Impacto!$B$3:$D$7,2,FALSE) -> Mayor | AQ12: =+AL12+AO12 -> 6 | AR12: =IF(AQ12 <= 4, "Bajo", IF(AQ12 = 5, "Medio", IF(AND(AQ12 >= 6, AQ12 <= 7), "Alto", IF(AQ12 > 7, "Extremo", "")))) -> Alto | AS12: Si | AT12: Reducir la probabilidad | AU12: 1. Realizar la revisión durante el proceso de planeación de los requisitos habilitantes para: a. Identificación de la experiencia mínima requerida para la realización del objeto contractual. b. Definición de la capacidad jurídica con relación al objeto del contrato y las inhabilidades, incompatibilidades y conflictos de interés. c. Definición la capacidad financiera con relación al objeto del contrato y su capacidad organizacional d. Validación por el área jurídica de la definición de los requisitos habilitantes. | AV12: Supervisor del contrato Apoyo a la supervisión Jurídica Contratación | AW12: Desde la planeación | AX12: Hasta la selección del contratista | AY12: Estudios de conveniencia con la correcta definición técnica de las especificaciones del contrato
B13: Gestión quirúrgica | C13: Contratación directa | D13: 3 | E13: Planeación | F13: La modalidad de contratación no sea adecuada para el bien servicio u obra necesitado incluyendo los aspectos de oferta y demanda del mercado respectivo. | G13: 1. Desconocimiento en lo contractual. 2. Desconocimiento de las necesidades requeridas contenidas en el plan anual de adquisiciones. 3. Desconocimiento del manual de contratación. 4. Falta de planeación de la oferta del servicio | H13: 1. Afecta la obtención o cubrimiento de las necesidades requeridas en el objeto contractual. 2. Sanciones 3. Demora en la elaboración, suscripción y perfeccionamiento del contrato. 4. Demora en la ejecución del contratación. | I13: General | J13: Interno | K13: Operacionales | L13: Entidad | M13: El riesgo podría ocurrir en algún momento | N13: 3 | O13: =+IF(M13=Probabilidad!$D$3,Probabilidad!$B$3,IF(M13=Probabilidad!$D$4,Probabilidad!$B$4,IF(QUIRÚRGICAS!M13=Probabilidad!$D$5,Probabilidad!$B$5,IF(QUIRÚRGICAS!M13=Probabilidad!$D$6,Probabilidad!$B$6,IF(QUIRÚRGICAS!M13=Probabilidad!$D$7,Probabilidad!$B$7,Probabilidad!$B$7))))) -> Posible | P13: Incrementa el valor del contrato entre quince (15%) y el treinta por ciento (30%) | Q13: =VLOOKUP(QUIRÚRGICAS!P13,Impacto!$B$3:$D$7,3,FALSE) -> 4 | R13: =VLOOKUP(QUIRÚRGICAS!P13,Impacto!$B$3:$D$7,2,FALSE) -> Mayor | S13: =+N13+Q13 -> 7 | T13: =IF(S13 <= 4, "Bajo", IF(S13 = 5, "Medio", IF(AND(S13 >= 6, S13 <= 7), "Alto", IF(S13 > 7, "Extremo", "")))) -> Alto | U13: 4 | V13: El coordinador de gestión quirúrgica debe 1. Realizar el análisis de mercado 2. Identificar la productividad del servicio 3. Definir la necesidad del servicio 3. Realizar reunión con áreas asistenciales y administrativas para la definición de la necesidad 4. Solicitar validación por el área jurídica | W13: Desde la planeación | X13: Hasta la contratación | Y13: Preventivo | AA13: Manual | AC13: Documentado | AE13: Aleatoria | AG13: Con registro | AJ13: 1. Estudio de mercado 2. Matriz de productividad 3. Definición del objeto del contrato conforme a las necesidades de la entidad, su perfil epidemiológico y la demanda del servicio. | AK13: El riesgo puede ocurrir solo en circunstancias excepcionales | AL13: =+IF(AK13=Probabilidad!$D$3,Probabilidad!$C$3,IF(AK13=Probabilidad!$D$4,Probabilidad!$C$4,IF(QUIRÚRGICAS!AK13=Probabilidad!$D$5,Probabilidad!$C$5,IF(QUIRÚRGICAS!AK13=Probabilidad!$D$6,Probabilidad!$C$6,IF(QUIRÚRGICAS!AK13=Probabilidad!$D$7,Probabilidad!$C$7,Probabilidad!$C$7))))) -> 1 | AM13: =+IF(AK13=Probabilidad!$D$3,Probabilidad!$B$3,IF(AK13=Probabilidad!$D$4,Probabilidad!$B$4,IF(QUIRÚRGICAS!AK13=Probabilidad!$D$5,Probabilidad!$B$5,IF(QUIRÚRGICAS!AK13=Probabilidad!$D$6,Probabilidad!$B$6,IF(QUIRÚRGICAS!AK13=Probabilidad!$D$7,Probabilidad!$B$7,Probabilidad!$B$7))))) -> Raro | AN13: Incrementa el valor del contrato entre quince (15%) y el treinta por ciento (30%) | AO13: =VLOOKUP(QUIRÚRGICAS!AN13,Impacto!$B$3:$D$7,3,FALSE) -> 4 | AP13: =VLOOKUP(QUIRÚRGICAS!AN13,Impacto!$B$3:$D$7,2,FALSE) -> Mayor | AQ13: =+AL13+AO13 -> 5 | AR13: =IF(AQ13 <= 4, "Bajo", IF(AQ13 = 5, "Medio", IF(AND(AQ13 >= 6, AQ13 <= 7), "Alto", IF(AQ13 > 7, "Extremo", "")))) -> Medio | AS13: Si | AT13: Reducir la probabilidad | AU13: 1. Evaluar el análisis de mercado ajustado a la necesidad de la contratación 2. Identificar la productividad del servicio conforme al histórico de los tres últimos años 3. Realizar reunión con áreas asistenciales y administrativas para la definición de la necesidad 4. Validación por el área jurídica
B14: Gestión quirúrgica | C14: Contratación directa | D14: 4 | E14: Planeación | F14: El valor del contrato no corresponda a los precios del mercado. | G14: 1 No realización del estudio de mercado o histórico de precios. 2. Desconocimiento de las necesidades requeridas contenidas en el plan anual de adquisiciones. 3. Desconocimiento del manual de contratación. 4. Falta de planeación de la oferta del servicio. 5. Desconocimiento en lo contractual. | H14: 1. Afecta la obtención o cubrimiento de las necesidades requeridas en el objeto contractual desde el área financiera. 2. Sanciones 3. Demora en la elaboración, suscripción y perfeccionamiento del contrato. 4. Demora en la ejecución del contratación. 5. Sobrecostos y fallas en la planeación financiera | I14: General | J14: Interno | K14: Operacionales | L14: Entidad | M14: El riesgo podría ocurrir en algún momento | N14: 3 | O14: =+IF(M14=Probabilidad!$D$3,Probabilidad!$B$3,IF(M14=Probabilidad!$D$4,Probabilidad!$B$4,IF(QUIRÚRGICAS!M14=Probabilidad!$D$5,Probabilidad!$B$5,IF(QUIRÚRGICAS!M14=Probabilidad!$D$6,Probabilidad!$B$6,IF(QUIRÚRGICAS!M14=Probabilidad!$D$7,Probabilidad!$B$7,Probabilidad!$B$7))))) -> Posible | P14: Incrementa el valor del contrato entre quince (15%) y el treinta por ciento (30%) | Q14: =VLOOKUP(QUIRÚRGICAS!P14,Impacto!$B$3:$D$7,3,FALSE) -> 4 | R14: =VLOOKUP(QUIRÚRGICAS!P14,Impacto!$B$3:$D$7,2,FALSE) -> Mayor | S14: =+N14+Q14 -> 7 | T14: =IF(S14 <= 4, "Bajo", IF(S14 = 5, "Medio", IF(AND(S14 >= 6, S14 <= 7), "Alto", IF(S14 > 7, "Extremo", "")))) -> Alto | U14: 6 | V14: El coordinador de gestión quirúrgica debe: 1. Realizar el análisis de mercado a través de las plataformas nacionales 2. Realizar histórico de precios con los últimos tres años de ejecución del objeto contractual similar al que se va a gestionar en la vigencia actual. 3. Definir la necesidad del servicio 4. Realizar reunión con áreas asistenciales y administrativas para la definición de la necesidad. 5.Identificar la productividad del servicio. 6. Validación por el área jurídica y contratación. | W14: Desde la planeación | X14: Hasta la contratación | Y14: Preventivo | AA14: Manual | AC14: Documentado | AE14: Aleatoria | AG14: Con registro | AJ14: 1. Estudio de mercado 2. Matriz de productividad 3. Definición del objeto del contrato conforme a las necesidades de la entidad, su perfil epidemiológico y la demanda del servicio. | AK14: El riesgo puede ocurrir solo en circunstancias excepcionales | AL14: =+IF(AK14=Probabilidad!$D$3,Probabilidad!$C$3,IF(AK14=Probabilidad!$D$4,Probabilidad!$C$4,IF(QUIRÚRGICAS!AK14=Probabilidad!$D$5,Probabilidad!$C$5,IF(QUIRÚRGICAS!AK14=Probabilidad!$D$6,Probabilidad!$C$6,IF(QUIRÚRGICAS!AK14=Probabilidad!$D$7,Probabilidad!$C$7,Probabilidad!$C$7))))) -> 1 | AM14: =+IF(AK14=Probabilidad!$D$3,Probabilidad!$B$3,IF(AK14=Probabilidad!$D$4,Probabilidad!$B$4,IF(QUIRÚRGICAS!AK14=Probabilidad!$D$5,Probabilidad!$B$5,IF(QUIRÚRGICAS!AK14=Probabilidad!$D$6,Probabilidad!$B$6,IF(QUIRÚRGICAS!AK14=Probabilidad!$D$7,Probabilidad!$B$7,Probabilidad!$B$7))))) -> Raro | AN14: Incrementa el valor del contrato entre quince (15%) y el treinta por ciento (30%) | AO14: =VLOOKUP(QUIRÚRGICAS!AN14,Impacto!$B$3:$D$7,3,FALSE) -> 4 | AP14: =VLOOKUP(QUIRÚRGICAS!AN14,Impacto!$B$3:$D$7,2,FALSE) -> Mayor | AQ14: =+AL14+AO14 -> 5 | AR14: =IF(AQ14 <= 4, "Bajo", IF(AQ14 = 5, "Medio", IF(AND(AQ14 >= 6, AQ14 <= 7), "Alto", IF(AQ14 > 7, "Extremo", "")))) -> Medio | AS14: Si | AT14: Reducir la probabilidad | AU14: 1. Evaluar el análisis de mercado ajustado a la necesidad de la contratación 2. Identificar la productividad del servicio conforme al histórico de los tres últimos años 3. Realizar reunión con áreas asistenciales y administrativas para la definición de la necesidad 4. Validación por el área jurídica | AV14: Coordinador Gestión quirúrgica | AW14: Desde la planeación | AX14: Hasta la selección del contratista | AY14: Estudios de conveniencia con la correcta definición técnica de las especificaciones del contrato
B15: Gestión quirúrgica | C15: Contratación directa | D15: 5 | E15: Selección | F15: Realizar la elección de un contratista que no cumple con las especificaciones técnicas, administrativas, contables y jurídicas requeridas por el hospital. | G15: 1. Inadecuada definición de los estudios previos de conveniencia y oportunidad. 2. Desconocimiento del manual de contratación. 3. No indagación de inhabilidades o incompatibilidades del contratista. | H15: 1. Sanciones 2. Demora en la elaboración, suscripción y perfeccionamiento del contrato. 3. Demora en la ejecución del contratación. | I15: General | J15: Interno | K15: Operacionales | L15: Entidad | M15: El riesgo puede ocurrir solo en circunstancias excepcionales | N15: 1 | O15: =+IF(M15=Probabilidad!$D$3,Probabilidad!$B$3,IF(M15=Probabilidad!$D$4,Probabilidad!$B$4,IF(QUIRÚRGICAS!M15=Probabilidad!$D$5,Probabilidad!$B$5,IF(QUIRÚRGICAS!M15=Probabilidad!$D$6,Probabilidad!$B$6,IF(QUIRÚRGICAS!M15=Probabilidad!$D$7,Probabilidad!$B$7,Probabilidad!$B$7))))) -> Raro | P15: Generará un impacto sobre el valor del contrato entre cinco (5%) y el quince por ciento (15%) | Q15: =VLOOKUP(QUIRÚRGICAS!P15,Impacto!$B$3:$D$7,3,FALSE) -> 3 | R15: =VLOOKUP(QUIRÚRGICAS!P15,Impacto!$B$3:$D$7,2,FALSE) -> Moderado | S15: =+N15+Q15 -> 4 | T15: =IF(S15 <= 4, "Bajo", IF(S15 = 5, "Medio", IF(AND(S15 >= 6, S15 <= 7), "Alto", IF(S15 > 7, "Extremo", "")))) -> Bajo | U15: 3 | V15: El coordinador de gestión quirúrgica debe: 1. Verificaciar del formato C-F-37: LISTA DE CHEQUEO CONTRATO DE PRESTACIÓN DE SERVICIOS CON PERSONA NATURAL Y/O JURÍDICA 2. Verificacar del formato TH-F-45: VERIFICACIÓN DE REQUISITOS HOJA DE VIDA Y HABILITACIÓN 3. Realizar la verificacion de perfil requerido , con la hoja de vida y la experiencia; profesional de talento humano Valida los soportes de hoja de vida, requeridos en la lista de chequeo. | W15: Desde la planeación | X15: Hasta la contratación | Y15: Preventivo | AA15: Manual | AC15: Documentado | AE15: Continua | AG15: Con registro | AJ15: 1. C-F-37 Lista de chequeo contrato de prestación de servicios con persona natural y/o jurídica 2. TH-F-45 Verificación de requisitos hoja de vida y habilitación | AK15: El riesgo puede ocurrir solo en circunstancias excepcionales | AL15: =+IF(AK15=Probabilidad!$D$3,Probabilidad!$C$3,IF(AK15=Probabilidad!$D$4,Probabilidad!$C$4,IF(QUIRÚRGICAS!AK15=Probabilidad!$D$5,Probabilidad!$C$5,IF(QUIRÚRGICAS!AK15=Probabilidad!$D$6,Probabilidad!$C$6,IF(QUIRÚRGICAS!AK15=Probabilidad!$D$7,Probabilidad!$C$7,Probabilidad!$C$7))))) -> 1 | AM15: =+IF(AK15=Probabilidad!$D$3,Probabilidad!$B$3,IF(AK15=Probabilidad!$D$4,Probabilidad!$B$4,IF(QUIRÚRGICAS!AK15=Probabilidad!$D$5,Probabilidad!$B$5,IF(QUIRÚRGICAS!AK15=Probabilidad!$D$6,Probabilidad!$B$6,IF(QUIRÚRGICAS!AK15=Probabilidad!$D$7,Probabilidad!$B$7,Probabilidad!$B$7))))) -> Raro | AN15: Generará un impacto sobre el valor del contrato entre cinco (5%) y el quince por ciento (15%) | AO15: =VLOOKUP(QUIRÚRGICAS!AN15,Impacto!$B$3:$D$7,3,FALSE) -> 3 | AP15: =VLOOKUP(QUIRÚRGICAS!AN15,Impacto!$B$3:$D$7,2,FALSE) -> Moderado | AQ15: =+AL15+AO15 -> 4 | AR15: =IF(AQ15 <= 4, "Bajo", IF(AQ15 = 5, "Medio", IF(AND(AQ15 >= 6, AQ15 <= 7), "Alto", IF(AQ15 > 7, "Extremo", "")))) -> Bajo | AS15: Si | AT15: Reducir la probabilidad | AU15: 1. Realizar la planeación para la definición del objeto del contrato 2. Validación de la información con el área jurídica y financiera durante el proceso de planeación del estudio de conveniencia y oportunidad | AV15: Coordinador Gestión quirúrgica | AW15: Desde la planeación | AX15: Hasta la selección del contratista | AY15: Estudios de conveniencia con la correcta definición técnica de las especificaciones del contrato
B16: Gestión quirúrgica | C16: Contratación directa | D16: 6 | E16: Selección | F16: Demoras en el proceso de contratación | G16: 1. Desconocimiento de las necesidades y requerimientos básicos de la contratación. 2. Falta de adherencia a las políticas del proceso. 3. Falta de planeación de las actividades de recepción de documentos contractuales. 4. Fallas en la precisión en la información y seguimiento de la misma. 5. Procesos densos o burocráticos. 6. Fallas en el proceso de selección 7. Entrega tardía, incompleta o inválida de la documentación solicitada en el proceso de selección | H16: 1. Incumplimiento en las metas estratégicas. 2. Inoportunidad en la gestión del proceso de contratación. 3. Inoportunidad en la prestación del servicio 4. Incumplimientos legales 5. Insatisfacción por parte del cliente interno y externo | I16: General | J16: Interno | K16: Operacionales | L16: Entidad y contratista | M16: El riesgo podría ocurrir en algún momento | N16: =+IF(M16=Probabilidad!$D$3,Probabilidad!$C$3,IF(M16=Probabilidad!$D$4,Probabilidad!$C$4,IF(QUIRÚRGICAS!M16=Probabilidad!$D$5,Probabilidad!$C$5,IF(QUIRÚRGICAS!M16=Probabilidad!$D$6,Probabilidad!$C$6,IF(QUIRÚRGICAS!M16=Probabilidad!$D$7,Probabilidad!$C$7,Probabilidad!$C$7))))) -> 3 | O16: =+IF(M16=Probabilidad!$D$3,Probabilidad!$B$3,IF(M16=Probabilidad!$D$4,Probabilidad!$B$4,IF(QUIRÚRGICAS!M16=Probabilidad!$D$5,Probabilidad!$B$5,IF(QUIRÚRGICAS!M16=Probabilidad!$D$6,Probabilidad!$B$6,IF(QUIRÚRGICAS!M16=Probabilidad!$D$7,Probabilidad!$B$7,Probabilidad!$B$7))))) -> Posible | P16: Los sobrecostos no representan más del cinco por ciento (5%) del valor del contrato | Q16: =VLOOKUP(QUIRÚRGICAS!P16,Impacto!$B$3:$D$7,3,FALSE) -> 2 | R16: =VLOOKUP(QUIRÚRGICAS!P16,Impacto!$B$3:$D$7,2,FALSE) -> Menor | S16: =+N16+Q16 -> 5 | T16: =IF(S16 <= 4, "Bajo", IF(S16 = 5, "Medio", IF(AND(S16 >= 6, S16 <= 7), "Alto", IF(S16 > 7, "Extremo", "")))) -> Medio | U16: 3 | V16: El coordinador de gestión quirúrgica debe: 1. Realizar de la relación de vacantes y listas de elegibles para su seguimiento 2. Aplicar de la lista de chequeo para la solicitud de documentos requeridos en el proceso de contratación 3. Gestionar la entrega de los documentos relacionados en el check list para su posterior revisión y validación por parte de la oficina de talento humano el 100% de las hojas de vida con los respectivos soportes para la contratación | W16: Desde la planeación | X16: Hasta la contratación | Y16: Preventivo | AA16: Manual | AC16: Documentado | AE16: Aleatoria | AG16: Con registro | AJ16: 1. Carpetas de contratación con el listas de chequeo al 100% de completitud | AK16: El riesgo puede ocurrir solo en circunstancias excepcionales | AL16: =+IF(AK16=Probabilidad!$D$3,Probabilidad!$C$3,IF(AK16=Probabilidad!$D$4,Probabilidad!$C$4,IF(QUIRÚRGICAS!AK16=Probabilidad!$D$5,Probabilidad!$C$5,IF(QUIRÚRGICAS!AK16=Probabilidad!$D$6,Probabilidad!$C$6,IF(QUIRÚRGICAS!AK16=Probabilidad!$D$7,Probabilidad!$C$7,Probabilidad!$C$7))))) -> 1 | AM16: =+IF(AK16=Probabilidad!$D$3,Probabilidad!$B$3,IF(AK16=Probabilidad!$D$4,Probabilidad!$B$4,IF(QUIRÚRGICAS!AK16=Probabilidad!$D$5,Probabilidad!$B$5,IF(QUIRÚRGICAS!AK16=Probabilidad!$D$6,Probabilidad!$B$6,IF(QUIRÚRGICAS!AK16=Probabilidad!$D$7,Probabilidad!$B$7,Probabilidad!$B$7))))) -> Raro | AN16: Los sobrecostos no representan más del cinco por ciento (5%) del valor del contrato | AO16: =VLOOKUP(QUIRÚRGICAS!AN16,Impacto!$B$3:$D$7,3,FALSE) -> 2 | AP16: =VLOOKUP(QUIRÚRGICAS!AN16,Impacto!$B$3:$D$7,2,FALSE) -> Menor | AQ16: =+AL16+AO16 -> 3 | AR16: =IF(AQ16 <= 4, "Bajo", IF(AQ16 = 5, "Medio", IF(AND(AQ16 >= 6, AQ16 <= 7), "Alto", IF(AQ16 > 7, "Extremo", "")))) -> Bajo | AS16: Si | AT16: Reducir la probabilidad | AU16: 1. Seguimiento de la relación de vacantes y listas de elegibles. 2. Verificación del cumplimiento de la lista de chequeo por parte de contratación con 100% de completitud en cada uno de los procesos. | AV16: Talento humano | AW16: Desde la planeación | AX16: Hasta la contratación | AY16: Hojas de vida completas y validadas por talento humano
B17: Gestión quirúrgica | C17: Contratación directa | D17: 7 | E17: Contratación | F17: Ocurrencia de delitos como trafico de influencias, cohecho, interés indebido en la celebración de contratos, prevaricato, concusión, utilización indebida de información privilegiada en el proceso de contratación sin garantizar los principios de transparencia, selección objetiva y responsabilidad. | G17: 1. Obstaculizar la libre concurrencia de oferentes. 2. Selección del contratista que no tiene relación directa con el contrato, que no tienen la experiencia requerida para tal efecto o que no cumple con el lleno de requisitos legales para la oferta. 3. Inadecuado manejo de los estudios previos de conveniencia y oportunidad. 4. Desconocimiento del manual de contratación y deficiencias en su implementación. 5. No indagación de inhabilidades o incompatibilidades del contratista. 6. Intercambiar información 7. Dirigir el contrato a favor de alguien 8. Influir en el proceso de selección 9. Sobornos o aceptación de coimas. 10. Tramitación, aprobación o celebración de un contrato con violación al régimen legal. 11. Provocar o aceptar conductas que materialicen el riesgo. | H17: 1. Sanciones económicas 2. Sanciones penales 3. Penas privativas de libertad 4. Penas no privativas de libertad 5. Sanciones civiles 6. Sanciones patrimoniales 7. Daño a la imagen institucional 8. Incumplimiento en las metas estratégicas. 9. Inoportunidad en la gestión del proceso de contratación. 10. Inoportunidad en la prestación del servicio 11. Incumplimientos legales 12. Insatisfacción por parte del cliente interno y externo | I17: General | J17: Interno | K17: Regulatorios | L17: Entidad y contratista | M17: El riesgo puede ocurrir solo en circunstancias excepcionales | N17: =+IF(M17=Probabilidad!$D$3,Probabilidad!$C$3,IF(M17=Probabilidad!$D$4,Probabilidad!$C$4,IF(QUIRÚRGICAS!M17=Probabilidad!$D$5,Probabilidad!$C$5,IF(QUIRÚRGICAS!M17=Probabilidad!$D$6,Probabilidad!$C$6,IF(QUIRÚRGICAS!M17=Probabilidad!$D$7,Probabilidad!$C$7,Probabilidad!$C$7))))) -> 1 | O17: =+IF(M17=Probabilidad!$D$3,Probabilidad!$B$3,IF(M17=Probabilidad!$D$4,Probabilidad!$B$4,IF(QUIRÚRGICAS!M17=Probabilidad!$D$5,Probabilidad!$B$5,IF(QUIRÚRGICAS!M17=Probabilidad!$D$6,Probabilidad!$B$6,IF(QUIRÚRGICAS!M17=Probabilidad!$D$7,Probabilidad!$B$7,Probabilidad!$B$7))))) -> Raro | P17: Impacto sobre el valor del contrato en más de treinta por ciento (30%) | Q17: =VLOOKUP(QUIRÚRGICAS!P17,Impacto!$B$3:$D$7,3,FALSE) -> 5 | R17: =VLOOKUP(QUIRÚRGICAS!P17,Impacto!$B$3:$D$7,2,FALSE) -> Catastrófico | S17: =+N17+Q17 -> 6 | T17: =IF(S17 <= 4, "Bajo", IF(S17 = 5, "Medio", IF(AND(S17 >= 6, S17 <= 7), "Alto", IF(S17 > 7, "Extremo", "")))) -> Alto | U17: 6 | V17: El coordinador de gestión quirúrgica debe: 1. Propender por cumplir las políticas de gestión frente a la prevención de delitos en contra de la administración pública. 2. Gestionar la periodicidad, el propósito, cómo se realiza, las acciones sobre desviaciones y la evidencia del control. 3. Monitorear y revisar periódicamente el documento del Mapa de Riesgos de Corrupción. 4. Establecer y comunicar directrices y lineamientos que contribuyan al cumplimiento del marco regulatorio en temas de prevención al riesgo de corrupción. 5. Seguir los lineamientos para el tratamiento, manejo y seguimientos de estos riesgos. 6. Notificar al oficial de cumplimiento las desviaciones encontradas en el proceso. | W17: Desde la planeación | X17: Hasta la liquidación del contrato | Y17: Preventivo | AA17: Manual | AC17: Sin documentar | AE17: Continua | AG17: Sin registro | AJ17: 1. Sin soporte, este se generará según sea el caso | AK17: El riesgo puede ocurrir solo en circunstancias excepcionales | AL17: =+IF(AK17=Probabilidad!$D$3,Probabilidad!$C$3,IF(AK17=Probabilidad!$D$4,Probabilidad!$C$4,IF(QUIRÚRGICAS!AK17=Probabilidad!$D$5,Probabilidad!$C$5,IF(QUIRÚRGICAS!AK17=Probabilidad!$D$6,Probabilidad!$C$6,IF(QUIRÚRGICAS!AK17=Probabilidad!$D$7,Probabilidad!$C$7,Probabilidad!$C$7))))) -> 1 | AM17: =+IF(AK17=Probabilidad!$D$3,Probabilidad!$B$3,IF(AK17=Probabilidad!$D$4,Probabilidad!$B$4,IF(QUIRÚRGICAS!AK17=Probabilidad!$D$5,Probabilidad!$B$5,IF(QUIRÚRGICAS!AK17=Probabilidad!$D$6,Probabilidad!$B$6,IF(QUIRÚRGICAS!AK17=Probabilidad!$D$7,Probabilidad!$B$7,Probabilidad!$B$7))))) -> Raro | AN17: Impacto sobre el valor del contrato en más de treinta por ciento (30%) | AO17: =VLOOKUP(QUIRÚRGICAS!AN17,Impacto!$B$3:$D$7,3,FALSE) -> 5 | AP17: =VLOOKUP(QUIRÚRGICAS!AN17,Impacto!$B$3:$D$7,2,FALSE) -> Catastrófico | AQ17: =+AL17+AO17 -> 6 | AR17: =IF(AQ17 <= 4, "Bajo", IF(AQ17 = 5, "Medio", IF(AND(AQ17 >= 6, AQ17 <= 7), "Alto", IF(AQ17 > 7, "Extremo", "")))) -> Alto | AS17: Si | AT17: Reducir la probabilidad | AU17: 1 Implementación de políticas de gestión frente a la prevención de delitos en contra de la administración pública. 2. Implementación de las acciones sobre desviaciones y la evidencia del control. 3. Informe periódico el documento del Mapa de Riesgos de Corrupción. 4. Implementar directrices y lineamientos que contribuyan al cumplimiento del marco regulatorio en temas de prevención al riesgo de corrupción durante el proceso contractual. 5. Formular los lineamientos para el tratamiento, manejo y seguimientos de estos riesgos durante el proceso contractual. | AV17: Control interno Gerente Supervisor del contrato Apoyo a la supervisión | AW17: Desde la planeación | AX17: Hasta la liquidación del contrato | AY17: Informe de seguimiento al plan anticorrupción de la empresa
B18: Gestión quirúrgica | C18: Contratación directa | D18: 8 | E18: Contratación | F18: Indebida expedición de pólizas o constitución inadecuada o tardía de las garantías contractuales evaluadas para la correcta ejecución del contrato | G18: 1. Inadecuada definición de los estudios previos de conveniencia y oportunidad. 2. Desconocimiento del manual de contratación. 3. Desconocimiento de los alcances del proceso necesarios para la identificación de los riesgos 4. Inicio del contrato sin el soporte de la póliza, la constitución inadecuada o tardía de la misma generando una inadecuado proceso de garantías contractuales exigidas. | H18: 1. Sanciones 2. Perdidas económicas 3. Incumplimiento en las garantías del contrato. 4. No cubrimiento del riesgo y materialización del mismo | I18: General | J18: Interno | K18: Operacionales | L18: Entidad y contratista | M18: El riesgo podría ocurrir en algún momento | N18: =+IF(M18=Probabilidad!$D$3,Probabilidad!$C$3,IF(M18=Probabilidad!$D$4,Probabilidad!$C$4,IF(QUIRÚRGICAS!M18=Probabilidad!$D$5,Probabilidad!$C$5,IF(QUIRÚRGICAS!M18=Probabilidad!$D$6,Probabilidad!$C$6,IF(QUIRÚRGICAS!M18=Probabilidad!$D$7,Probabilidad!$C$7,Probabilidad!$C$7))))) -> 3 | O18: =+IF(M18=Probabilidad!$D$3,Probabilidad!$B$3,IF(M18=Probabilidad!$D$4,Probabilidad!$B$4,IF(QUIRÚRGICAS!M18=Probabilidad!$D$5,Probabilidad!$B$5,IF(QUIRÚRGICAS!M18=Probabilidad!$D$6,Probabilidad!$B$6,IF(QUIRÚRGICAS!M18=Probabilidad!$D$7,Probabilidad!$B$7,Probabilidad!$B$7))))) -> Posible | P18: Incrementa el valor del contrato entre quince (15%) y el treinta por ciento (30%) | Q18: =VLOOKUP(QUIRÚRGICAS!P18,Impacto!$B$3:$D$7,3,FALSE) -> 4 | R18: =VLOOKUP(QUIRÚRGICAS!P18,Impacto!$B$3:$D$7,2,FALSE) -> Mayor | S18: =+N18+Q18 -> 7 | T18: =IF(S18 <= 4, "Bajo", IF(S18 = 5, "Medio", IF(AND(S18 >= 6, S18 <= 7), "Alto", IF(S18 > 7, "Extremo", "")))) -> Alto | U18: 5 | V18: El coordinador de gestión quirúrgica debe: 1. Revisar las garantías exigibles durante la construcción de los estudios previos asociados a la matriz de riesgos de la entidad. 2. Propender por cumplir los calendarios para el proceso contractual. 3. Verificar la generación de pólizas conforme a la estructura establecida en los estudios previos. 4. Controlar que la prestación del servicio no se realice antes de la firma de actas de inicio concordantes con las fechas de expedición de las pólizas. El profesional de contratación debe: 5. Verificar las polizas expedidas por el contratistas y expide la certificación de aprobación de poliza C-F-05 e informar a subgerencia de servicio de salud para la elaboración del acta de inicio. | W18: Desde la contratación | X18: Hasta la ejecucuión | Y18: Preventivo | AA18: Manual | AC18: Sin documentar | AE18: Continua | AG18: Con registro | AJ18: 1. Estudios previos 2. Pólizas concordantes con los estudios previos 3. Actas de inicio 4. Acta de aprobacion de la poliza C-F-05 | AK18: El riesgo podría ocurrir en algún momento | AL18: =+IF(AK18=Probabilidad!$D$3,Probabilidad!$C$3,IF(AK18=Probabilidad!$D$4,Probabilidad!$C$4,IF(QUIRÚRGICAS!AK18=Probabilidad!$D$5,Probabilidad!$C$5,IF(QUIRÚRGICAS!AK18=Probabilidad!$D$6,Probabilidad!$C$6,IF(QUIRÚRGICAS!AK18=Probabilidad!$D$7,Probabilidad!$C$7,Probabilidad!$C$7))))) -> 3 | AM18: =+IF(AK18=Probabilidad!$D$3,Probabilidad!$B$3,IF(AK18=Probabilidad!$D$4,Probabilidad!$B$4,IF(QUIRÚRGICAS!AK18=Probabilidad!$D$5,Probabilidad!$B$5,IF(QUIRÚRGICAS!AK18=Probabilidad!$D$6,Probabilidad!$B$6,IF(QUIRÚRGICAS!AK18=Probabilidad!$D$7,Probabilidad!$B$7,Probabilidad!$B$7))))) -> Posible | AN18: Generará un impacto sobre el valor del contrato entre cinco (5%) y el quince por ciento (15%) | AO18: =VLOOKUP(QUIRÚRGICAS!AN18,Impacto!$B$3:$D$7,3,FALSE) -> 3 | AP18: =VLOOKUP(QUIRÚRGICAS!AN18,Impacto!$B$3:$D$7,2,FALSE) -> Moderado | AQ18: =+AL18+AO18 -> 6 | AR18: =IF(AQ18 <= 4, "Bajo", IF(AQ18 = 5, "Medio", IF(AND(AQ18 >= 6, AQ18 <= 7), "Alto", IF(AQ18 > 7, "Extremo", "")))) -> Alto | AS18: Si | AT18: Reducir el impacto | AU18: 0. Revisar periódicamente la matriz de riesgos. 1 Verificar la definición de las garantías exigibles durante la construcción de los estudios previos asociados a la matriz de riesgos de la entidad. 2. Ejecución de los calendarios para el proceso contractual. 3. Verificación de pólizas conforme a la estructura establecida en los estudios previos. 4. Verificación de la firma de actas de inicio concordantes con las fechas de expedición de las pólizas. 5. Aval por parte del supervisor del contrato del inicio de actividades contractuales con la firma de del acta validada por la supervisión del contrato. Revisión por Subgerente administrativa y financiera del acta aprobación de poliza C-F-05 y la poliza | AV18: Subgerente administrativa y financiera | AW18: Previo al acta de inicio | AX18: Previo al acta de inicio | AY18: Acta aprobación de poliza C-F-05 firmada
B19: Gestión quirúrgica | C19: Contratación directa | D19: 9 | E19: Contratación | F19: El contrato no sea firmado por parte del contratista una vez sea emitida la minuta | G19: 1. Inadecuada formalización del acuerdo contractual. 2. Disentimiento del contratista | H19: 1. Incumplimiento en las metas estratégicas. 2. Inoportunidad en la gestión del proceso de contratación. 3. Inoportunidad en la prestación del servicio 4. Incumplimientos legales 5. Insatisfacción por parte del cliente interno y externo | I19: General | J19: Interno | K19: Operacionales | L19: Contratista | M19: El riesgo puede ocurrir en algún momento | N19: =+IF(M19=Probabilidad!$D$3,Probabilidad!$C$3,IF(M19=Probabilidad!$D$4,Probabilidad!$C$4,IF(QUIRÚRGICAS!M19=Probabilidad!$D$5,Probabilidad!$C$5,IF(QUIRÚRGICAS!M19=Probabilidad!$D$6,Probabilidad!$C$6,IF(QUIRÚRGICAS!M19=Probabilidad!$D$7,Probabilidad!$C$7,Probabilidad!$C$7))))) -> 2 | O19: =+IF(M19=Probabilidad!$D$3,Probabilidad!$B$3,IF(M19=Probabilidad!$D$4,Probabilidad!$B$4,IF(QUIRÚRGICAS!M19=Probabilidad!$D$5,Probabilidad!$B$5,IF(QUIRÚRGICAS!M19=Probabilidad!$D$6,Probabilidad!$B$6,IF(QUIRÚRGICAS!M19=Probabilidad!$D$7,Probabilidad!$B$7,Probabilidad!$B$7))))) -> Improbable | P19: Los sobrecostos no representan más del cinco por ciento (5%) del valor del contrato | Q19: =VLOOKUP(QUIRÚRGICAS!P19,Impacto!$B$3:$D$7,3,FALSE) -> 2 | R19: =VLOOKUP(QUIRÚRGICAS!P19,Impacto!$B$3:$D$7,2,FALSE) -> Menor | S19: =+N19+Q19 -> 4 | T19: =IF(S19 <= 4, "Bajo", IF(S19 = 5, "Medio", IF(AND(S19 >= 6, S19 <= 7), "Alto", IF(S19 > 7, "Extremo", "")))) -> Bajo | U19: 1 | V19: El coordinador de gestión quirugica realiza el proceso de negociación del contrato y la definición de los estudios previos de forma clara con el fin de minimizar los riesgos de interpretación por parte del contratista posterior al momento de la selección. | W19: Desde la contratación | X19: Hasta la ejecucuión | Y19: Preventivo | AA19: Manual | AC19: Sin documentar | AE19: Continua | AG19: Sin registro | AJ19: 1. Sin soporte, este se generará según sea el caso | AK19: El riesgo puede ocurrir en algún momento | AL19: =+IF(AK19=Probabilidad!$D$3,Probabilidad!$C$3,IF(AK19=Probabilidad!$D$4,Probabilidad!$C$4,IF(QUIRÚRGICAS!AK19=Probabilidad!$D$5,Probabilidad!$C$5,IF(QUIRÚRGICAS!AK19=Probabilidad!$D$6,Probabilidad!$C$6,IF(QUIRÚRGICAS!AK19=Probabilidad!$D$7,Probabilidad!$C$7,Probabilidad!$C$7))))) -> 2 | AM19: =+IF(AK19=Probabilidad!$D$3,Probabilidad!$B$3,IF(AK19=Probabilidad!$D$4,Probabilidad!$B$4,IF(QUIRÚRGICAS!AK19=Probabilidad!$D$5,Probabilidad!$B$5,IF(QUIRÚRGICAS!AK19=Probabilidad!$D$6,Probabilidad!$B$6,IF(QUIRÚRGICAS!AK19=Probabilidad!$D$7,Probabilidad!$B$7,Probabilidad!$B$7))))) -> Improbable | AN19: Generará un impacto sobre el valor del contrato entre cinco (5%) y el quince por ciento (15%) | AO19: =VLOOKUP(QUIRÚRGICAS!AN19,Impacto!$B$3:$D$7,3,FALSE) -> 3 | AP19: =VLOOKUP(QUIRÚRGICAS!AN19,Impacto!$B$3:$D$7,2,FALSE) -> Moderado | AQ19: =+AL19+AO19 -> 5 | AR19: =IF(AQ19 <= 4, "Bajo", IF(AQ19 = 5, "Medio", IF(AND(AQ19 >= 6, AQ19 <= 7), "Alto", IF(AQ19 > 7, "Extremo", "")))) -> Medio | AS19: Si | AT19: Reducir el impacto | AU19: 1 Verificar la definición de los pliegos de condiciones durante la construcción de los estudios previos asociados a la matriz de riesgos de la entidad. | AV19: Coordinador Gestión quirúrgica | AW19: Desde la planeación | AX19: Hasta la contratación | AY19: Actas de inicio debidamente legalizadas
B20: Gestión quirúrgica | C20: Contratación directa | D20: 10 | E20: Contratación | F20: Riesgo de contratar un proponente que haya presentado una oferta artificialmente baja efectuada en los Procesos de Contratación. | G20: 1. El proponente desconoce los costos e ingresos verdaderos del contrato. 2. El proponente utiliza su oferta como parte de una estrategia colusoria o pretende debilitar a otros proponentes durante el proceso de selección. 3. La información entregada por la Entidad es insuficiente o de mala calidad, aumentando el riesgo de un análisis deficiente por parte del proponente. 4. Estrategias para proteger una posición en el mercado o incursionar en un mercado nuevo, sacrificando ganancias para evitar la participación la competencia de otros actores de ese mercado. 5. El proponente presenta una oferta artificialmente baja como resultado de un deficiente análisis financiero y económico, o por su inexperiencia en el negocio objeto del Proceso de Contratación. | H20: 1. Selección de contratistas con incapacidad de cumplir el contrato para el que fueron seleccionados. 2. Inoportunidad en la gestión del proceso de contratación. 3. Inoportunidad en la prestación del servicio 4. Incumplimientos contractuales 5. Insatisfacción por parte del cliente interno y externo | I20: General | J20: Interno | K20: Operacionales | L20: Contratista | M20: El riesgo puede ocurrir en algún momento | N20: =+IF(M20=Probabilidad!$D$3,Probabilidad!$C$3,IF(M20=Probabilidad!$D$4,Probabilidad!$C$4,IF(QUIRÚRGICAS!M20=Probabilidad!$D$5,Probabilidad!$C$5,IF(QUIRÚRGICAS!M20=Probabilidad!$D$6,Probabilidad!$C$6,IF(QUIRÚRGICAS!M20=Probabilidad!$D$7,Probabilidad!$C$7,Probabilidad!$C$7))))) -> 2 | O20: =+IF(M20=Probabilidad!$D$3,Probabilidad!$B$3,IF(M20=Probabilidad!$D$4,Probabilidad!$B$4,IF(QUIRÚRGICAS!M20=Probabilidad!$D$5,Probabilidad!$B$5,IF(QUIRÚRGICAS!M20=Probabilidad!$D$6,Probabilidad!$B$6,IF(QUIRÚRGICAS!M20=Probabilidad!$D$7,Probabilidad!$B$7,Probabilidad!$B$7))))) -> Improbable | P20: Los sobrecostos no representan más del cinco por ciento (5%) del valor del contrato | Q20: =VLOOKUP(QUIRÚRGICAS!P20,Impacto!$B$3:$D$7,3,FALSE) -> 2 | R20: =VLOOKUP(QUIRÚRGICAS!P20,Impacto!$B$3:$D$7,2,FALSE) -> Menor | S20: =+N20+Q20 -> 4 | T20: =IF(S20 <= 4, "Bajo", IF(S20 = 5, "Medio", IF(AND(S20 >= 6, S20 <= 7), "Alto", IF(S20 > 7, "Extremo", "")))) -> Bajo | U20: 1 | V20: El coordinador de gestión quirúrgica debe 1. Realizar análisis la siguiente información:  Promedio del valor de las ofertas.  Mediana de las ofertas.  Desviación estándar de las ofertas.  Diferencia entre el costo estimado del contrato y el promedio del valor de las ofertas.  Diferencia entre el valor de la oferta que puede ser artificialmente baja, la mediada y el promedio del valor de las ofertas.  Diferencia entre el valor de la oferta que puede ser artificialmente baja y la desviación estándar de las ofertas presentadas.  Diferencia entre el valor de la oferta que puede ser artificialmente baja y el costo estimado del contrato.  Información histórica de ofertas y contratos del objeto del Proceso de Contratación. | W20: Desde la planeación | X20: Hasta la contratación | Y20: Preventivo | AA20: Manual | AC20: Sin documentar | AE20: Continua | AG20: Sin registro | AJ20: 1. Sin soporte, este se generará según sea el caso | AK20: El riesgo puede ocurrir en algún momento | AL20: =+IF(AK20=Probabilidad!$D$3,Probabilidad!$C$3,IF(AK20=Probabilidad!$D$4,Probabilidad!$C$4,IF(QUIRÚRGICAS!AK20=Probabilidad!$D$5,Probabilidad!$C$5,IF(QUIRÚRGICAS!AK20=Probabilidad!$D$6,Probabilidad!$C$6,IF(QUIRÚRGICAS!AK20=Probabilidad!$D$7,Probabilidad!$C$7,Probabilidad!$C$7))))) -> 2 | AM20: =+IF(AK20=Probabilidad!$D$3,Probabilidad!$B$3,IF(AK20=Probabilidad!$D$4,Probabilidad!$B$4,IF(QUIRÚRGICAS!AK20=Probabilidad!$D$5,Probabilidad!$B$5,IF(QUIRÚRGICAS!AK20=Probabilidad!$D$6,Probabilidad!$B$6,IF(QUIRÚRGICAS!AK20=Probabilidad!$D$7,Probabilidad!$B$7,Probabilidad!$B$7))))) -> Improbable | AN20: Generará un impacto sobre el valor del contrato entre cinco (5%) y el quince por ciento (15%) | AO20: =VLOOKUP(QUIRÚRGICAS!AN20,Impacto!$B$3:$D$7,3,FALSE) -> 3 | AP20: =VLOOKUP(QUIRÚRGICAS!AN20,Impacto!$B$3:$D$7,2,FALSE) -> Moderado | AQ20: =+AL20+AO20 -> 5 | AR20: =IF(AQ20 <= 4, "Bajo", IF(AQ20 = 5, "Medio", IF(AND(AQ20 >= 6, AQ20 <= 7), "Alto", IF(AQ20 > 7, "Extremo", "")))) -> Medio | AS20: Si | AT20: Reducir el impacto | AU20: 1. En la comparación absoluta la Entidad contrasta el valor de cada oferta con el costo estimado de la provisión del bien o servicio de acuerdo con en el Estudio del Sector elaborado por la Entidad. 2. Cuando la Entidad reciba menos de 5 ofertas debe solicitar aclaración a los proponentes cuyas ofertas sean menores o iguales al 20% del costo total estimado por la Entidad. 3. En la comparación relativa la Entidad Estatal debe contrastar cada oferta con las demás ofertas presentadas. | AV20: Coordinador Gestión quirúrgica | AW20: Desde la planeación | AX20: Hasta la contratación | AY20: Análisis de la oferta cuando se sospeche una oferta artificialmente baja
B21: Gestión quirúrgica | C21: Contratación directa | D21: 11 | E21: Contratación | F21: Riesgo de colusión en los Procesos de Contratación. | G21: 1. El proponente desconoce los costos e ingresos verdaderos del contrato. 2. El proponente utiliza su oferta como parte de una estrategia colusoria o pretende debilitar a otros proponentes durante el proceso de selección. 3. La información entregada por la Entidad es insuficiente o de mala calidad, aumentando el riesgo de un análisis deficiente por parte del proponente. 4. Estrategias para proteger una posición en el mercado o incursionar en un mercado nuevo, sacrificando ganancias para evitar la participación la competencia de otros actores de ese mercado. 5. El proponente presenta una oferta artificialmente baja como resultado de un deficiente análisis financiero y económico, o por su inexperiencia en el negocio objeto del Proceso de Contratación. | H21: 1. Sanciones económicas 2. Sanciones penales 3. Penas privativas de libertad 4. Penas no privativas de libertad 5. Sanciones civiles 6. Sanciones patrimoniales 7. Daño a la imagen institucional 8. Incumplimiento en las metas estratégicas. 9. Inoportunidad en la gestión del proceso de contratación. 10. Inoportunidad en la prestación del servicio 11. Incumplimientos legales 12. Insatisfacción por parte del cliente interno y externo | I21: General | J21: Interno | K21: Operacionales | L21: Contratista | M21: El riesgo puede ocurrir en algún momento | N21: =+IF(M21=Probabilidad!$D$3,Probabilidad!$C$3,IF(M21=Probabilidad!$D$4,Probabilidad!$C$4,IF(QUIRÚRGICAS!M21=Probabilidad!$D$5,Probabilidad!$C$5,IF(QUIRÚRGICAS!M21=Probabilidad!$D$6,Probabilidad!$C$6,IF(QUIRÚRGICAS!M21=Probabilidad!$D$7,Probabilidad!$C$7,Probabilidad!$C$7))))) -> 2 | O21: =+IF(M21=Probabilidad!$D$3,Probabilidad!$B$3,IF(M21=Probabilidad!$D$4,Probabilidad!$B$4,IF(QUIRÚRGICAS!M21=Probabilidad!$D$5,Probabilidad!$B$5,IF(QUIRÚRGICAS!M21=Probabilidad!$D$6,Probabilidad!$B$6,IF(QUIRÚRGICAS!M21=Probabilidad!$D$7,Probabilidad!$B$7,Probabilidad!$B$7))))) -> Improbable | P21: Los sobrecostos no representan más del cinco por ciento (5%) del valor del contrato | Q21: =VLOOKUP(QUIRÚRGICAS!P21,Impacto!$B$3:$D$7,3,FALSE) -> 2 | R21: =VLOOKUP(QUIRÚRGICAS!P21,Impacto!$B$3:$D$7,2,FALSE) -> Menor | S21: =+N21+Q21 -> 4 | T21: =IF(S21 <= 4, "Bajo", IF(S21 = 5, "Medio", IF(AND(S21 >= 6, S21 <= 7), "Alto", IF(S21 > 7, "Extremo", "")))) -> Bajo | U21: 1 | V21: El coordinador de gestión quirúrgica debe: 1. Realizar análisis la siguiente información:  Promedio del valor de las ofertas.  Mediana de las ofertas.  Desviación estándar de las ofertas.  Diferencia entre el costo estimado del contrato y el promedio del valor de las ofertas.  Diferencia entre el valor de la oferta que puede ser artificialmente baja, la mediada y el promedio del valor de las ofertas.  Diferencia entre el valor de la oferta que puede ser artificialmente baja y la desviación estándar de las ofertas presentadas.  Diferencia entre el valor de la oferta que puede ser artificialmente baja y el costo estimado del contrato.  Información histórica de ofertas y contratos del objeto del Proceso de Contratación. | W21: Desde la planeación | X21: Hasta la contratación | Y21: Preventivo | AA21: Manual | AC21: Sin documentar | AE21: Continua | AG21: Sin registro | AJ21: 1. Sin soporte, este se generará según sea el caso | AK21: El riesgo puede ocurrir en algún momento | AL21: =+IF(AK21=Probabilidad!$D$3,Probabilidad!$C$3,IF(AK21=Probabilidad!$D$4,Probabilidad!$C$4,IF(QUIRÚRGICAS!AK21=Probabilidad!$D$5,Probabilidad!$C$5,IF(QUIRÚRGICAS!AK21=Probabilidad!$D$6,Probabilidad!$C$6,IF(QUIRÚRGICAS!AK21=Probabilidad!$D$7,Probabilidad!$C$7,Probabilidad!$C$7))))) -> 2 | AM21: =+IF(AK21=Probabilidad!$D$3,Probabilidad!$B$3,IF(AK21=Probabilidad!$D$4,Probabilidad!$B$4,IF(QUIRÚRGICAS!AK21=Probabilidad!$D$5,Probabilidad!$B$5,IF(QUIRÚRGICAS!AK21=Probabilidad!$D$6,Probabilidad!$B$6,IF(QUIRÚRGICAS!AK21=Probabilidad!$D$7,Probabilidad!$B$7,Probabilidad!$B$7))))) -> Improbable | AN21: Generará un impacto sobre el valor del contrato entre cinco (5%) y el quince por ciento (15%) | AO21: =VLOOKUP(QUIRÚRGICAS!AN21,Impacto!$B$3:$D$7,3,FALSE) -> 3 | AP21: =VLOOKUP(QUIRÚRGICAS!AN21,Impacto!$B$3:$D$7,2,FALSE) -> Moderado | AQ21: =+AL21+AO21 -> 5 | AR21: =IF(AQ21 <= 4, "Bajo", IF(AQ21 = 5, "Medio", IF(AND(AQ21 >= 6, AQ21 <= 7), "Alto", IF(AQ21 > 7, "Extremo", "")))) -> Medio | AS21: Si | AT21: Reducir el impacto | AU21: 1. En la comparación absoluta la Entidad contrasta el valor de cada oferta con el costo estimado de la provisión del bien o servicio de acuerdo con en el Estudio del Sector elaborado por la Entidad. 2. Cuando la Entidad reciba menos de 5 ofertas debe solicitar aclaración a los proponentes cuyas ofertas sean menores o iguales al 20% del costo total estimado por la Entidad. 3. En la comparación relativa la Entidad Estatal debe contrastar cada oferta con las demás ofertas presentadas. | AV21: Coordinador Gestión quirúrgica | AW21: Desde la planeación | AX21: Hasta la contratación | AY21: Análisis de la oferta cuando se sospeche una oferta artificialmente baja
B22: Gestión quirúrgica | C22: Contratación directa | D22: 12 | E22: Ejecución | F22: Emisión de un concepto erróneo en el diagnóstico de la atención en salud | G22: 1. No adherencia a guías de práctica clínica. 2. Errores asociados a la identificación del paciente. 3. Errores relacionados con la anamnesis, exploración física o lectura de ayudas diagnósticas. 4. Atenciones múltiples y en condiciones inseguras. 5. Pacientes con débil o nula red vincular de apoyo. 6. Sistemas de información deficientes o fallas en el sistema de información. 7. Fallas en equipos biomédicos o elementos requeridos en la toma de conductas clínicas. 8. Fallas en la vinculación del paciente en el diagnóstico; infravaloración de las necesidades o experiencias de los pacientes en el proceso de atención. 9. Sobrediagnóstico del paciente, sobreestimación de beneficios e infravaloración de riesgos en las pruebas y tratamientos. | H22: 1. Sanciones económicas. 2. Sanciones penales. 3. Penas privativas de libertad. 4. Penas no privativas de libertad. 5. Sanciones civiles. 6. Sanciones patrimoniales. 7. Daño a la imagen institucional. 8. Insatisfacción por parte del paciente. 9. Daño al paciente. 10. Demoras en el inicio de tratamiento 11. Eventos adversos | I22: Especifico | J22: Interno | K22: Operacionales | L22: Contratista | M22: El riesgo probablemente ocurrirá en la mayoría de las circunstancias | N22: =+IF(M22=Probabilidad!$D$3,Probabilidad!$C$3,IF(M22=Probabilidad!$D$4,Probabilidad!$C$4,IF(QUIRÚRGICAS!M22=Probabilidad!$D$5,Probabilidad!$C$5,IF(QUIRÚRGICAS!M22=Probabilidad!$D$6,Probabilidad!$C$6,IF(QUIRÚRGICAS!M22=Probabilidad!$D$7,Probabilidad!$C$7,Probabilidad!$C$7))))) -> 4 | O22: =+IF(M22=Probabilidad!$D$3,Probabilidad!$B$3,IF(M22=Probabilidad!$D$4,Probabilidad!$B$4,IF(QUIRÚRGICAS!M22=Probabilidad!$D$5,Probabilidad!$B$5,IF(QUIRÚRGICAS!M22=Probabilidad!$D$6,Probabilidad!$B$6,IF(QUIRÚRGICAS!M22=Probabilidad!$D$7,Probabilidad!$B$7,Probabilidad!$B$7))))) -> Probable | P22: Incrementa el valor del contrato entre quince (15%) y el treinta por ciento (30%) | Q22: =VLOOKUP(QUIRÚRGICAS!P22,Impacto!$B$3:$D$7,3,FALSE) -> 4 | R22: =VLOOKUP(QUIRÚRGICAS!P22,Impacto!$B$3:$D$7,2,FALSE) -> Mayor | S22: =+N22+Q22 -> 8 | T22: =IF(S22 <= 4, "Bajo", IF(S22 = 5, "Medio", IF(AND(S22 >= 6, S22 <= 7), "Alto", IF(S22 > 7, "Extremo", "")))) -> Extremo | U22: 5 | V22: El coordinador de calidad con apoyo del cooridinador de gestión quirúrgica debe: 1. Fomentar la práctica clínica reflexiva: Promover el uso de listas de chequeo. Solicitar segundas opiniones cuando se tengan dudas en la definición del diagnóstico. Desarrollar sistemas de retroalimentación para facilitar información a los clínicos de sus procesos diagnósticos. Potenciar el aprendizaje de los eventos relacionados a través de sistemas de notificación de incidentes de seguridad. 2. Establecer criterios para mejorar la calidad de la información que el especialista introduce en el sistema: Uso terminología estándar (códigos diagnósticos comunes sin abreviaturas). Actualización garantizada del sistema e inclusión de información de fácil incorporación a la práctica clínica. 3. Monitorear el acceso a la solicitud de pruebas diagnósticas y la comunicación de resultados. 4. Apoyar y plantear estrategias de gestión en la formación y entrenamiento de los profesionales en razonamiento clínico. 5. Realizar seguimiento a la actualización y adherencia a las guías de práctica clínica, protocolos y procedimientos. | W22: Desde la contratación | X22: Hasta la liquidación del contrato | Y22: Preventivo | AA22: Manual | AC22: Sin documentar | AE22: Continua | AG22: Sin registro | AJ22: 1. Listas de chequeo. 2. Informe de adherencia a guías. 3. Informe mensual seguridad del paciente 4. Informes de calidad | AK22: El riesgo puede ocurrir en algún momento | AL22: =+IF(AK22=Probabilidad!$D$3,Probabilidad!$C$3,IF(AK22=Probabilidad!$D$4,Probabilidad!$C$4,IF(QUIRÚRGICAS!AK22=Probabilidad!$D$5,Probabilidad!$C$5,IF(QUIRÚRGICAS!AK22=Probabilidad!$D$6,Probabilidad!$C$6,IF(QUIRÚRGICAS!AK22=Probabilidad!$D$7,Probabilidad!$C$7,Probabilidad!$C$7))))) -> 2 | AM22: =+IF(AK22=Probabilidad!$D$3,Probabilidad!$B$3,IF(AK22=Probabilidad!$D$4,Probabilidad!$B$4,IF(QUIRÚRGICAS!AK22=Probabilidad!$D$5,Probabilidad!$B$5,IF(QUIRÚRGICAS!AK22=Probabilidad!$D$6,Probabilidad!$B$6,IF(QUIRÚRGICAS!AK22=Probabilidad!$D$7,Probabilidad!$B$7,Probabilidad!$B$7))))) -> Improbable | AN22: Generará un impacto sobre el valor del contrato entre cinco (5%) y el quince por ciento (15%) | AO22: =VLOOKUP(QUIRÚRGICAS!AN22,Impacto!$B$3:$D$7,3,FALSE) -> 3 | AP22: =VLOOKUP(QUIRÚRGICAS!AN22,Impacto!$B$3:$D$7,2,FALSE) -> Moderado | AQ22: =+AL22+AO22 -> 5 | AR22: =IF(AQ22 <= 4, "Bajo", IF(AQ22 = 5, "Medio", IF(AND(AQ22 >= 6, AQ22 <= 7), "Alto", IF(AQ22 > 7, "Extremo", "")))) -> Medio | AS22: Si | AT22: Reducir el impacto | AU22: 1. Verificar el cumplimiento de: uso de listas de chequeo, segundas opiniones cuando se tengan dudas en la definición del diagnóstico, desarrollo de sistemas de retroalimentación para facilitar información a los clínicos de sus procesos diagnósticos, verificación de sistemas de notificación de incidentes de seguridad. 2. Evaluar la calidad de la información que el especialista introduce en el sistema: Uso terminología estándar (códigos diagnósticos comunes sin abreviaturas). Actualización garantizada del sistema e inclusión de información de fácil incorporación a la práctica clínica. 3. Evaluar el acceso a la solicitud de pruebas diagnósticas y la comunicación de resultados. 4. Definir procesos de mejoramiento en la cualificación del talento humano y la formación continua y entrenamiento de los profesionales en razonamiento clínico. 5. Mantener el seguimiento a la actualización y adherencia a las guías de práctica clínica, protocolos y procedimientos. | AV22: Desarrollo de servicios//Calidad | AW22: Desde la contratación | AX22: Hasta la liquidación del contrato | AY22: 1. Listas de chequeo. 2. Informe de adherencia a guías. 3. Informe mensual seguridad del paciente
B23: Gestión quirúrgica | C23: Contratación directa | D23: 13 | E23: Ejecución | F23: Definición tardía de la conducta clínica en el diagnóstico de la atención en salud | G23: 1. No adherencia a guías de práctica clínica. 2. Errores asociados a la identificación del paciente. 3. Errores relacionados con la anamnesis, exploración física o lectura de ayudas diagnósticas. 4. Atenciones múltiples y en condiciones inseguras. 5. Pacientes con débil o nula red vincular de apoyo. 6. Sistemas de información deficientes o fallas en el sistema de información. 7. Fallas en la vinculación del paciente en el diagnóstico; infravaloración de las necesidades o experiencias de los pacientes en el proceso de atención. 9. Demoras en los tiempos de atención: Autorizaciones emitidas tardíamente. 10. Competencias profesionales específicas al caso. | H23: 1. Sanciones económicas. 2. Sanciones penales. 3. Penas privativas de libertad. 4. Penas no privativas de libertad. 5. Sanciones civiles. 6. Sanciones patrimoniales. 7. Daño a la imagen institucional. 8. Insatisfacción por parte del paciente. 9. Daño al paciente. 10. Costos sociales y económicos 11. Evento adverso | I23: Especifico | J23: Interno | K23: Operacionales | L23: Contratista | M23: El riesgo probablemente ocurrirá en la mayoría de las circunstancias | N23: =+IF(M23=Probabilidad!$D$3,Probabilidad!$C$3,IF(M23=Probabilidad!$D$4,Probabilidad!$C$4,IF(QUIRÚRGICAS!M23=Probabilidad!$D$5,Probabilidad!$C$5,IF(QUIRÚRGICAS!M23=Probabilidad!$D$6,Probabilidad!$C$6,IF(QUIRÚRGICAS!M23=Probabilidad!$D$7,Probabilidad!$C$7,Probabilidad!$C$7))))) -> 4 | O23: =+IF(M23=Probabilidad!$D$3,Probabilidad!$B$3,IF(M23=Probabilidad!$D$4,Probabilidad!$B$4,IF(QUIRÚRGICAS!M23=Probabilidad!$D$5,Probabilidad!$B$5,IF(QUIRÚRGICAS!M23=Probabilidad!$D$6,Probabilidad!$B$6,IF(QUIRÚRGICAS!M23=Probabilidad!$D$7,Probabilidad!$B$7,Probabilidad!$B$7))))) -> Probable | P23: Incrementa el valor del contrato entre quince (15%) y el treinta por ciento (30%) | Q23: =VLOOKUP(QUIRÚRGICAS!P23,Impacto!$B$3:$D$7,3,FALSE) -> 4 | R23: =VLOOKUP(QUIRÚRGICAS!P23,Impacto!$B$3:$D$7,2,FALSE) -> Mayor | S23: =+N23+Q23 -> 8 | T23: =IF(S23 <= 4, "Bajo", IF(S23 = 5, "Medio", IF(AND(S23 >= 6, S23 <= 7), "Alto", IF(S23 > 7, "Extremo", "")))) -> Extremo | U23: 6 | V23: El coordinador de calidad con apoyo del cooridinador de gestión quirúrgica debe: 1. Fomentar la práctica clínica reflexiva: Promover el uso de listas de chequeo. Solicitar segundas opiniones cuando se tengan dudas en la definición del diagnóstico. Desarrollar sistemas de retroalimentación para facilitar información a los clínicos de sus procesos diagnósticos. Potenciar el aprendizaje de los eventos relacionados a través de sistemas de notificación de incidentes de seguridad. 2. Establecer criterios para mejorar la calidad de la información que el especialista introduce en el sistema: Uso terminología estándar (códigos diagnósticos comunes sin abreviaturas). Actualización garantizada del sistema e inclusión de información de fácil incorporación a la práctica clínica. 3. Monitorear el acceso a la solicitud de pruebas diagnósticas y la comunicación de resultados. 4. Apoyar y plantear estrategias de gestión en la formación y entrenamiento de los profesionales en razonamiento clínico. 5. Mantener el seguimiento a la actualización y adherencia a las guías de práctica clínica, protocolos y procedimientos. 6. Apoyar al área de auditoría para la minimización de las barreras administrativas. | W23: Desde la contratación | X23: Hasta la liquidación del contrato | Y23: Preventivo | AA23: Manual | AC23: Sin documentar | AE23: Continua | AG23: Sin registro | AJ23: 1. Listas de chequeo. 2. Informe de adherencia a guías. 3. Informe mensual seguridad del paciente 4. Informes de calidad | AK23: El riesgo puede ocurrir en algún momento | AL23: =+IF(AK23=Probabilidad!$D$3,Probabilidad!$C$3,IF(AK23=Probabilidad!$D$4,Probabilidad!$C$4,IF(QUIRÚRGICAS!AK23=Probabilidad!$D$5,Probabilidad!$C$5,IF(QUIRÚRGICAS!AK23=Probabilidad!$D$6,Probabilidad!$C$6,IF(QUIRÚRGICAS!AK23=Probabilidad!$D$7,Probabilidad!$C$7,Probabilidad!$C$7))))) -> 2 | AM23: =+IF(AK23=Probabilidad!$D$3,Probabilidad!$B$3,IF(AK23=Probabilidad!$D$4,Probabilidad!$B$4,IF(QUIRÚRGICAS!AK23=Probabilidad!$D$5,Probabilidad!$B$5,IF(QUIRÚRGICAS!AK23=Probabilidad!$D$6,Probabilidad!$B$6,IF(QUIRÚRGICAS!AK23=Probabilidad!$D$7,Probabilidad!$B$7,Probabilidad!$B$7))))) -> Improbable | AN23: Incrementa el valor del contrato entre quince (15%) y el treinta por ciento (30%) | AO23: =VLOOKUP(QUIRÚRGICAS!AN23,Impacto!$B$3:$D$7,3,FALSE) -> 4 | AP23: =VLOOKUP(QUIRÚRGICAS!AN23,Impacto!$B$3:$D$7,2,FALSE) -> Mayor | AQ23: =+AL23+AO23 -> 6 | AR23: =IF(AQ23 <= 4, "Bajo", IF(AQ23 = 5, "Medio", IF(AND(AQ23 >= 6, AQ23 <= 7), "Alto", IF(AQ23 > 7, "Extremo", "")))) -> Alto | AS23: Si | AT23: Reducir el impacto | AU23: 1. Verificar el cumplimiento de: uso de listas de chequeo, segundas opiniones cuando se tengan dudas en la definición del diagnóstico, desarrollo de sistemas de retroalimentación para facilitar información a los clínicos de sus procesos diagnósticos, verificación de sistemas de notificación de incidentes de seguridad. 2. Evaluar la calidad de la información que el especialista introduce en el sistema: Uso terminología estándar (códigos diagnósticos comunes sin abreviaturas). Actualización garantizada del sistema e inclusión de información de fácil incorporación a la práctica clínica. 3. Evaluar el acceso a la solicitud de pruebas diagnósticas y la comunicación de resultados. 4. Definir procesos de mejoramiento en la cualificación del talento humano y la formación continua y entrenamiento de los profesionales en razonamiento clínico. 5. Mantener el seguimiento a la actualización y adherencia a las guías de práctica clínica, protocolos y procedimientos. 6. Rondas administrativas. | AV23: Desarrollo de servicios//Calidad | AW23: Desde la contratación | AX23: Hasta la liquidación del contrato | AY23: 1. Listas de chequeo. 2. Informe de adherencia a guías. 3. Informe mensual seguridad del paciente
B24: Gestión quirúrgica | C24: Contratación directa | D24: 14 | E24: Ejecución | F24: Infección asociada a la atención en salud en ámbitos clínicos o quirúrgicos | G24: 1. No adherencia a guías de práctica clínica. 2. Errores asociados a la identificación del paciente. 3. Errores relacionados con la anamnesis, exploración física o lectura de ayudas diagnósticas. 4. Atenciones múltiples y en condiciones inseguras. 5. Pacientes con débil o nula red vincular de apoyo. 6. Sistemas de información deficientes o fallas en el sistema de información. 7. Fallas en la vinculación del paciente en el diagnóstico; infravaloración de las necesidades o experiencias de los pacientes en el proceso de atención. 9. Complejidad propia de cada procedimiento clínico o quirúrgico 10. Las condiciones humanas relacionadas con la atención como lo son el conocimiento y las habilidades individuales de quienes entran en contacto directo con los pacientes: Concentración, estado de ánimo, estado actual de los equipos, la tecnología a utilizar, la efectividad en que las personas que atienden al paciente se comunican entre sí y trabajan en equipo, etc. | H24: 1. Sanciones económicas. 2. Sanciones penales. 3. Penas privativas de libertad. 4. Penas no privativas de libertad. 5. Sanciones civiles. 6. Sanciones patrimoniales. 7. Daño a la imagen institucional. 8. Insatisfacción por parte del paciente. 9. Daño al paciente. 10. Costos sociales y económicos. 11. Evento adverso | I24: Especifico | J24: Interno | K24: Operacionales | L24: Entidad y contratista | M24: El riesgo probablemente ocurrirá en la mayoría de las circunstancias | N24: =+IF(M24=Probabilidad!$D$3,Probabilidad!$C$3,IF(M24=Probabilidad!$D$4,Probabilidad!$C$4,IF(QUIRÚRGICAS!M24=Probabilidad!$D$5,Probabilidad!$C$5,IF(QUIRÚRGICAS!M24=Probabilidad!$D$6,Probabilidad!$C$6,IF(QUIRÚRGICAS!M24=Probabilidad!$D$7,Probabilidad!$C$7,Probabilidad!$C$7))))) -> 4 | O24: =+IF(M24=Probabilidad!$D$3,Probabilidad!$B$3,IF(M24=Probabilidad!$D$4,Probabilidad!$B$4,IF(QUIRÚRGICAS!M24=Probabilidad!$D$5,Probabilidad!$B$5,IF(QUIRÚRGICAS!M24=Probabilidad!$D$6,Probabilidad!$B$6,IF(QUIRÚRGICAS!M24=Probabilidad!$D$7,Probabilidad!$B$7,Probabilidad!$B$7))))) -> Probable | P24: Incrementa el valor del contrato entre quince (15%) y el treinta por ciento (30%) | Q24: =VLOOKUP(QUIRÚRGICAS!P24,Impacto!$B$3:$D$7,3,FALSE) -> 4 | R24: =VLOOKUP(QUIRÚRGICAS!P24,Impacto!$B$3:$D$7,2,FALSE) -> Mayor | S24: =+N24+Q24 -> 8 | T24: =IF(S24 <= 4, "Bajo", IF(S24 = 5, "Medio", IF(AND(S24 >= 6, S24 <= 7), "Alto", IF(S24 > 7, "Extremo", "")))) -> Extremo | U24: 6 | V24: El coordinador de calidad con apoyo del cooridinador de gestión quirúrgica debe: 1. Fomentar la práctica clínica reflexiva: Promover el uso de listas de chequeo. Desarrollar sistemas de retroalimentación para facilitar información a los clínicos de sus procesos diagnósticos. Potenciar el aprendizaje de los eventos relacionados a través de sistemas de notificación de incidentes de seguridad. 2. Establecer criterios para mejorar la calidad de la atención: Adherencia a guias de practica clínica, correcto manejo de procesos y procedimientos. 3. Mejorar la formación y entrenamiento de los profesionales en razonamiento clínico. 4. Mantener el seguimiento a la actualización y adherencia a las guías de práctica clínica, protocolos y procedimientos. 5. Apoyar al área de auditoría para la minimización de los riesgos. 6. Gestionar indicadores de estructura, de proceso y de resultado. | W24: Desde la contratación | X24: Hasta la liquidación del contrato | Y24: Preventivo | AA24: Manual | AC24: Sin documentar | AE24: Continua | AG24: Sin registro | AJ24: 1. Listas de chequeo. 2. Informe de adherencia a guías. 3. Informe mensual seguridad del paciente 4. Informes de calidad | AK24: El riesgo puede ocurrir en algún momento | AL24: =+IF(AK24=Probabilidad!$D$3,Probabilidad!$C$3,IF(AK24=Probabilidad!$D$4,Probabilidad!$C$4,IF(QUIRÚRGICAS!AK24=Probabilidad!$D$5,Probabilidad!$C$5,IF(QUIRÚRGICAS!AK24=Probabilidad!$D$6,Probabilidad!$C$6,IF(QUIRÚRGICAS!AK24=Probabilidad!$D$7,Probabilidad!$C$7,Probabilidad!$C$7))))) -> 2 | AM24: =+IF(AK24=Probabilidad!$D$3,Probabilidad!$B$3,IF(AK24=Probabilidad!$D$4,Probabilidad!$B$4,IF(QUIRÚRGICAS!AK24=Probabilidad!$D$5,Probabilidad!$B$5,IF(QUIRÚRGICAS!AK24=Probabilidad!$D$6,Probabilidad!$B$6,IF(QUIRÚRGICAS!AK24=Probabilidad!$D$7,Probabilidad!$B$7,Probabilidad!$B$7))))) -> Improbable | AN24: Generará un impacto sobre el valor del contrato entre cinco (5%) y el quince por ciento (15%) | AO24: =VLOOKUP(QUIRÚRGICAS!AN24,Impacto!$B$3:$D$7,3,FALSE) -> 3 | AP24: =VLOOKUP(QUIRÚRGICAS!AN24,Impacto!$B$3:$D$7,2,FALSE) -> Moderado | AQ24: =+AL24+AO24 -> 5 | AR24: =IF(AQ24 <= 4, "Bajo", IF(AQ24 = 5, "Medio", IF(AND(AQ24 >= 6, AQ24 <= 7), "Alto", IF(AQ24 > 7, "Extremo", "")))) -> Medio | AS24: Si | AT24: Reducir el impacto | AU24: 1. Verificar el cumplimiento de: uso de listas de chequeo, desarrollo de sistemas de retroalimentación para facilitar información a los clínicos de sus procesos diagnósticos, verificación de sistemas de notificación de incidentes de seguridad. 2. Evaluar el acceso a la solicitud de pruebas diagnósticas y la comunicación de resultados. 3. Definir procesos de mejoramiento en la cualificación del talento humano y la formación continua y entrenamiento de los profesionales en razonamiento clínico. 4. Mantener el seguimiento a la actualización y adherencia a las guías de práctica clínica, protocolos y procedimientos. 5. Rondas administrativas. 6. Reporte del seguimiento de indicadores de estructura, de proceso y de resultado. | AV24: Desarrollo de servicios//Calidad | AW24: Desde la contratación | AX24: Hasta la liquidación del contrato | AY24: 1 Listas de chequeo. 2. Informe de adherencia a guías. 3. Informe mensual seguridad del paciente
B25: Gestión quirúrgica | C25: Contratación directa | D25: 15 | E25: Ejecución | F25: Errores en práctica clínica o quirúrgica relacionadas con la técnica, el sitio operatorio, reintervencionismos, entre otros. | G25: 1. No adherencia a guías de práctica clínica. 2. Errores asociados a la identificación del paciente. 3. Errores relacionados con la anamnesis, exploración física o lectura de ayudas diagnósticas. 4. Atenciones múltiples y en condiciones inseguras. 5. Pacientes con débil o nula red vincular de apoyo. 6. Sistemas de información deficientes o fallas en el sistema de información. 7. Fallas en la vinculación del paciente en el diagnóstico; infravaloración de las necesidades o experiencias de los pacientes en el proceso de atención. 9. Complejidad propia de cada procedimiento clínico o quirúrgico 10. Las condiciones humanas relacionadas con la atención como lo son el conocimiento y las habilidades individuales de quienes entran en contacto directo con los pacientes: Concentración, estado de ánimo, estado actual de los equipos, la tecnología a utilizar, la efectividad en que las personas que atienden al paciente se comunican entre sí y trabajan en equipo, etc. | H25: 1. Sanciones económicas. 2. Sanciones penales. 3. Penas privativas de libertad. 4. Penas no privativas de libertad. 5. Sanciones civiles. 6. Sanciones patrimoniales. 7. Daño a la imagen institucional. 8. Insatisfacción por parte del paciente. 9. Daño al paciente. 10. Costos sociales y económicos. 11. Evento adverso | I25: Especifico | J25: Interno | K25: Operacionales | L25: Contratista | M25: El riesgo probablemente ocurrirá en la mayoría de las circunstancias | N25: =+IF(M25=Probabilidad!$D$3,Probabilidad!$C$3,IF(M25=Probabilidad!$D$4,Probabilidad!$C$4,IF(QUIRÚRGICAS!M25=Probabilidad!$D$5,Probabilidad!$C$5,IF(QUIRÚRGICAS!M25=Probabilidad!$D$6,Probabilidad!$C$6,IF(QUIRÚRGICAS!M25=Probabilidad!$D$7,Probabilidad!$C$7,Probabilidad!$C$7))))) -> 4 | O25: =+IF(M25=Probabilidad!$D$3,Probabilidad!$B$3,IF(M25=Probabilidad!$D$4,Probabilidad!$B$4,IF(QUIRÚRGICAS!M25=Probabilidad!$D$5,Probabilidad!$B$5,IF(QUIRÚRGICAS!M25=Probabilidad!$D$6,Probabilidad!$B$6,IF(QUIRÚRGICAS!M25=Probabilidad!$D$7,Probabilidad!$B$7,Probabilidad!$B$7))))) -> Probable | P25: Incrementa el valor del contrato entre quince (15%) y el treinta por ciento (30%) | Q25: =VLOOKUP(QUIRÚRGICAS!P25,Impacto!$B$3:$D$7,3,FALSE) -> 4 | R25: =VLOOKUP(QUIRÚRGICAS!P25,Impacto!$B$3:$D$7,2,FALSE) -> Mayor | S25: =+N25+Q25 -> 8 | T25: =IF(S25 <= 4, "Bajo", IF(S25 = 5, "Medio", IF(AND(S25 >= 6, S25 <= 7), "Alto", IF(S25 > 7, "Extremo", "")))) -> Extremo | U25: 6 | V25: El coordinador de calidad con apoyo del cooridinador de gestión quirúrgica debe: 1. Fomentar la práctica clínica reflexiva: Promover el uso de listas de chequeo. Desarrollar sistemas de retroalimentación para facilitar información a los clínicos de sus procesos diagnósticos. Potenciar el aprendizaje de los eventos relacionados a través de sistemas de notificación de incidentes de seguridad. 2. Establecer criterios para mejorar la calidad de la atención: Adherencia a guias de practica clínica, correcto manejo de procesos y procedimientos. 3. Mejorar la formación y entrenamiento de los profesionales en razonamiento clínico. 4. Mantener el seguimiento a la actualización y adherencia a las guías de práctica clínica, protocolos y procedimientos. 5. Apoyar al área de auditoría para la minimización de los riesgos. 6. Gestionar indicadores de estructura, de proceso y de resultado. | W25: Desde la contratación | X25: Hasta la liquidación del contrato | Y25: Preventivo | AA25: Manual | AC25: Sin documentar | AE25: Continua | AG25: Sin registro | AJ25: 1. Listas de chequeo. 2. Informe de adherencia a guías. 3. Informe mensual seguridad del paciente 4. Informes de calidad | AK25: El riesgo puede ocurrir en algún momento | AL25: =+IF(AK25=Probabilidad!$D$3,Probabilidad!$C$3,IF(AK25=Probabilidad!$D$4,Probabilidad!$C$4,IF(QUIRÚRGICAS!AK25=Probabilidad!$D$5,Probabilidad!$C$5,IF(QUIRÚRGICAS!AK25=Probabilidad!$D$6,Probabilidad!$C$6,IF(QUIRÚRGICAS!AK25=Probabilidad!$D$7,Probabilidad!$C$7,Probabilidad!$C$7))))) -> 2 | AM25: =+IF(AK25=Probabilidad!$D$3,Probabilidad!$B$3,IF(AK25=Probabilidad!$D$4,Probabilidad!$B$4,IF(QUIRÚRGICAS!AK25=Probabilidad!$D$5,Probabilidad!$B$5,IF(QUIRÚRGICAS!AK25=Probabilidad!$D$6,Probabilidad!$B$6,IF(QUIRÚRGICAS!AK25=Probabilidad!$D$7,Probabilidad!$B$7,Probabilidad!$B$7))))) -> Improbable | AN25: Generará un impacto sobre el valor del contrato entre cinco (5%) y el quince por ciento (15%) | AO25: =VLOOKUP(QUIRÚRGICAS!AN25,Impacto!$B$3:$D$7,3,FALSE) -> 3 | AP25: =VLOOKUP(QUIRÚRGICAS!AN25,Impacto!$B$3:$D$7,2,FALSE) -> Moderado | AQ25: =+AL25+AO25 -> 5 | AR25: =IF(AQ25 <= 4, "Bajo", IF(AQ25 = 5, "Medio", IF(AND(AQ25 >= 6, AQ25 <= 7), "Alto", IF(AQ25 > 7, "Extremo", "")))) -> Medio | AS25: Si | AT25: Reducir el impacto | AU25: 1. Verificar el cumplimiento de: uso de listas de chequeo, desarrollo de sistemas de retroalimentación para facilitar información a los clínicos de sus procesos diagnósticos, verificación de sistemas de notificación de incidentes de seguridad. 2. Evaluar el acceso a la solicitud de pruebas diagnósticas y la comunicación de resultados. 3. Definir procesos de mejoramiento en la cualificación del talento humano y la formación continua y entrenamiento de los profesionales en razonamiento clínico. 4. Mantener el seguimiento a la actualización y adherencia a las guías de práctica clínica, protocolos y procedimientos. 5. Rondas administrativas. 6. Reporte del seguimiento de indicadores de estructura, de proceso y de resultado. | AV25: Desarrollo de servicios//Calidad | AW25: Desde la contratación | AX25: Hasta la liquidación del contrato | AY25: 1 Listas de chequeo. 2. Informe de adherencia a guías. 3. Informe mensual seguridad del paciente
B26: Gestión quirúrgica | C26: Contratación directa | D26: 16 | E26: Ejecución | F26: Errores en la formulación de medicamentos, terapias, dispositivos médicos, entre otros. | G26: 1. No adherencia a guías de práctica clínica. 2. Errores asociados a la identificación del paciente. 3. Errores relacionados con la anamnesis, exploración física o lectura de ayudas diagnósticas. 4. Atenciones múltiples y en condiciones inseguras. 5. Pacientes con débil o nula red vincular de apoyo. 6. Sistemas de información deficientes o fallas en el sistema de información. 7. Fallas en la vinculación del paciente en el diagnóstico; infravaloración de las necesidades o experiencias de los pacientes en el proceso de atención. 9. Complejidad propia de cada procedimiento clínico o quirúrgico 10. Las condiciones humanas relacionadas con la atención como lo son el conocimiento y las habilidades individuales de quienes entran en contacto directo con los pacientes: Concentración, estado de ánimo, estado actual de los equipos, la tecnología a utilizar, la efectividad en que las personas que atienden al paciente se comunican entre sí y trabajan en equipo, etc. | H26: 1. Sanciones económicas. 2. Sanciones penales. 3. Penas privativas de libertad. 4. Penas no privativas de libertad. 5. Sanciones civiles. 6. Sanciones patrimoniales. 7. Daño a la imagen institucional. 8. Insatisfacción por parte del paciente. 9. Daño al paciente. 10. Costos sociales y económicos. 11. Eventos adversos | I26: Especifico | J26: Interno | K26: Operacionales | L26: Contratista | M26: El riesgo probablemente ocurrirá en la mayoría de las circunstancias | N26: =+IF(M26=Probabilidad!$D$3,Probabilidad!$C$3,IF(M26=Probabilidad!$D$4,Probabilidad!$C$4,IF(QUIRÚRGICAS!M26=Probabilidad!$D$5,Probabilidad!$C$5,IF(QUIRÚRGICAS!M26=Probabilidad!$D$6,Probabilidad!$C$6,IF(QUIRÚRGICAS!M26=Probabilidad!$D$7,Probabilidad!$C$7,Probabilidad!$C$7))))) -> 4 | O26: =+IF(M26=Probabilidad!$D$3,Probabilidad!$B$3,IF(M26=Probabilidad!$D$4,Probabilidad!$B$4,IF(QUIRÚRGICAS!M26=Probabilidad!$D$5,Probabilidad!$B$5,IF(QUIRÚRGICAS!M26=Probabilidad!$D$6,Probabilidad!$B$6,IF(QUIRÚRGICAS!M26=Probabilidad!$D$7,Probabilidad!$B$7,Probabilidad!$B$7))))) -> Probable | P26: Incrementa el valor del contrato entre quince (15%) y el treinta por ciento (30%) | Q26: =VLOOKUP(QUIRÚRGICAS!P26,Impacto!$B$3:$D$7,3,FALSE) -> 4 | R26: =VLOOKUP(QUIRÚRGICAS!P26,Impacto!$B$3:$D$7,2,FALSE) -> Mayor | S26: =+N26+Q26 -> 8 | T26: =IF(S26 <= 4, "Bajo", IF(S26 = 5, "Medio", IF(AND(S26 >= 6, S26 <= 7), "Alto", IF(S26 > 7, "Extremo", "")))) -> Extremo | U26: 6 | V26: El coordinador de calidad con apoyo del cooridinador de gestión quirúrgica debe: 1. Fomentar la práctica clínica reflexiva: Promover el uso de listas de chequeo. Desarrollar sistemas de retroalimentación para facilitar información a los clínicos de sus procesos diagnósticos. Potenciar el aprendizaje de los eventos relacionados a través de sistemas de notificación de incidentes de seguridad. 2. Establecer criterios para mejorar la calidad de la atención: Adherencia a guias de practica clínica, correcto manejo de procesos y procedimientos. 3. Mejorar la formación y entrenamiento de los profesionales en razonamiento clínico. 4. Mantener el seguimiento a la actualización y adherencia a las guías de práctica clínica, protocolos y procedimientos. 5. Apoyar al área de auditoría para la minimización de los riesgos. 6. Gestionar indicadores de estructura, de proceso y de resultado. | W26: Desde la contratación | X26: Hasta la liquidación del contrato | Y26: Preventivo | AA26: Manual | AC26: Sin documentar | AE26: Continua | AG26: Sin registro | AJ26: 1. Listas de chequeo. 2. Informe de adherencia a guías. 3. Informe mensual seguridad del paciente 4. Informes de calidad | AK26: El riesgo puede ocurrir en algún momento | AL26: =+IF(AK26=Probabilidad!$D$3,Probabilidad!$C$3,IF(AK26=Probabilidad!$D$4,Probabilidad!$C$4,IF(QUIRÚRGICAS!AK26=Probabilidad!$D$5,Probabilidad!$C$5,IF(QUIRÚRGICAS!AK26=Probabilidad!$D$6,Probabilidad!$C$6,IF(QUIRÚRGICAS!AK26=Probabilidad!$D$7,Probabilidad!$C$7,Probabilidad!$C$7))))) -> 2 | AM26: =+IF(AK26=Probabilidad!$D$3,Probabilidad!$B$3,IF(AK26=Probabilidad!$D$4,Probabilidad!$B$4,IF(QUIRÚRGICAS!AK26=Probabilidad!$D$5,Probabilidad!$B$5,IF(QUIRÚRGICAS!AK26=Probabilidad!$D$6,Probabilidad!$B$6,IF(QUIRÚRGICAS!AK26=Probabilidad!$D$7,Probabilidad!$B$7,Probabilidad!$B$7))))) -> Improbable | AN26: Generará un impacto sobre el valor del contrato entre cinco (5%) y el quince por ciento (15%) | AO26: =VLOOKUP(QUIRÚRGICAS!AN26,Impacto!$B$3:$D$7,3,FALSE) -> 3 | AP26: =VLOOKUP(QUIRÚRGICAS!AN26,Impacto!$B$3:$D$7,2,FALSE) -> Moderado | AQ26: =+AL26+AO26 -> 5 | AR26: =IF(AQ26 <= 4, "Bajo", IF(AQ26 = 5, "Medio", IF(AND(AQ26 >= 6, AQ26 <= 7), "Alto", IF(AQ26 > 7, "Extremo", "")))) -> Medio | AS26: Si | AT26: Reducir el impacto | AU26: 1. Verificar el cumplimiento de: uso de listas de chequeo, desarrollo de sistemas de retroalimentación para facilitar información a los clínicos de sus procesos diagnósticos, verificación de sistemas de notificación de incidentes de seguridad. 2. Evaluar el acceso a la solicitud de pruebas diagnósticas y la comunicación de resultados. 3. Definir procesos de mejoramiento en la cualificación del talento humano y la formación continua y entrenamiento de los profesionales en razonamiento clínico. 4. Mantener el seguimiento a la actualización y adherencia a las guías de práctica clínica, protocolos y procedimientos. 5. Rondas administrativas. 6. Reporte del seguimiento de indicadores de estructura, de proceso y de resultado. | AV26: Desarrollo de servicios//Calidad | AW26: Desde la contratación | AX26: Hasta la liquidación del contrato | AY26: 1 Listas de chequeo. 2. Informe de adherencia a guías. 3. Informe mensual seguridad del paciente
B27: Gestión quirúrgica | C27: Contratación directa | D27: 17 | E27: Ejecución | F27: Fallas en la entrega o descripción de la información terapéutica o administrativa probablemente errónea o desactualizada relacionada con el proceso de atención | G27: 1. No adherencia a guías de práctica clínica. 2. Errores asociados a la identificación del paciente. 3. Errores relacionados con la anamnesis, exploración física, lectura de ayudas diagnósticas o interpretación del diagnóstico. 4. Atenciones múltiples y en condiciones inseguras. 5. Pacientes con débil o nula red vincular de apoyo. 6. Sistemas de información deficientes o fallas en el sistema de información. 7. Fallas en la vinculación del paciente en el diagnóstico; infravaloración de las necesidades o experiencias de los pacientes en el proceso de atención. 9. Complejidad propia de cada procedimiento clínico o quirúrgico 10. Las condiciones humanas relacionadas con la atención como lo son el conocimiento y las habilidades individuales de quienes entran en contacto directo con los pacientes: Concentración, estado de ánimo, estado actual de los equipos, la tecnología a utilizar, la efectividad en que las personas que atienden al paciente se comunican entre sí y trabajan en equipo, etc. | H27: 1. Sanciones económicas. 2. Sanciones penales. 3. Penas privativas de libertad. 4. Penas no privativas de libertad. 5. Sanciones civiles. 6. Sanciones patrimoniales. 7. Daño a la imagen institucional. 8. Insatisfacción por parte del paciente. 9. Daño al paciente. 10. Costos sociales y económicos. | I27: Especifico | J27: Interno | K27: Operacionales | L27: Contratista | M27: El riesgo probablemente ocurrirá en la mayoría de las circunstancias | N27: =+IF(M27=Probabilidad!$D$3,Probabilidad!$C$3,IF(M27=Probabilidad!$D$4,Probabilidad!$C$4,IF(QUIRÚRGICAS!M27=Probabilidad!$D$5,Probabilidad!$C$5,IF(QUIRÚRGICAS!M27=Probabilidad!$D$6,Probabilidad!$C$6,IF(QUIRÚRGICAS!M27=Probabilidad!$D$7,Probabilidad!$C$7,Probabilidad!$C$7))))) -> 4 | O27: =+IF(M27=Probabilidad!$D$3,Probabilidad!$B$3,IF(M27=Probabilidad!$D$4,Probabilidad!$B$4,IF(QUIRÚRGICAS!M27=Probabilidad!$D$5,Probabilidad!$B$5,IF(QUIRÚRGICAS!M27=Probabilidad!$D$6,Probabilidad!$B$6,IF(QUIRÚRGICAS!M27=Probabilidad!$D$7,Probabilidad!$B$7,Probabilidad!$B$7))))) -> Probable | P27: Incrementa el valor del contrato entre quince (15%) y el treinta por ciento (30%) | Q27: =VLOOKUP(QUIRÚRGICAS!P27,Impacto!$B$3:$D$7,3,FALSE) -> 4 | R27: =VLOOKUP(QUIRÚRGICAS!P27,Impacto!$B$3:$D$7,2,FALSE) -> Mayor | S27: =+N27+Q27 -> 8 | T27: =IF(S27 <= 4, "Bajo", IF(S27 = 5, "Medio", IF(AND(S27 >= 6, S27 <= 7), "Alto", IF(S27 > 7, "Extremo", "")))) -> Extremo | U27: 6 | V27: El coordinador de calidad con apoyo del cooridinador de gestión quirúrgica debe: 1. Fomentar la práctica clínica reflexiva: Promover el uso de listas de chequeo. Desarrollar sistemas de retroalimentación para facilitar información a los clínicos de sus procesos diagnósticos. Potenciar el aprendizaje de los eventos relacionados a través de sistemas de notificación de incidentes de seguridad. 2. Establecer criterios para mejorar la calidad de la atención: Adherencia a guias de practica clínica, correcto manejo de procesos y procedimientos. 3. Mejorar la formación y entrenamiento de los profesionales en razonamiento clínico. 4. Mantener el seguimiento a la actualización y adherencia a las guías de práctica clínica, protocolos y procedimientos. 5. Apoyar al área de auditoría para la minimización de los riesgos. 6. Gestionar indicadores de estructura, de proceso y de resultado. | W27: Desde la contratación | X27: Hasta la liquidación del contrato | Y27: Preventivo | AA27: Manual | AC27: Sin documentar | AE27: Continua | AG27: Sin registro | AJ27: 1. Listas de chequeo. 2. Informe de adherencia a guías. 3. Informe mensual seguridad del paciente 4. Informes de calidad | AK27: El riesgo puede ocurrir en algún momento | AL27: =+IF(AK27=Probabilidad!$D$3,Probabilidad!$C$3,IF(AK27=Probabilidad!$D$4,Probabilidad!$C$4,IF(QUIRÚRGICAS!AK27=Probabilidad!$D$5,Probabilidad!$C$5,IF(QUIRÚRGICAS!AK27=Probabilidad!$D$6,Probabilidad!$C$6,IF(QUIRÚRGICAS!AK27=Probabilidad!$D$7,Probabilidad!$C$7,Probabilidad!$C$7))))) -> 2 | AM27: =+IF(AK27=Probabilidad!$D$3,Probabilidad!$B$3,IF(AK27=Probabilidad!$D$4,Probabilidad!$B$4,IF(QUIRÚRGICAS!AK27=Probabilidad!$D$5,Probabilidad!$B$5,IF(QUIRÚRGICAS!AK27=Probabilidad!$D$6,Probabilidad!$B$6,IF(QUIRÚRGICAS!AK27=Probabilidad!$D$7,Probabilidad!$B$7,Probabilidad!$B$7))))) -> Improbable | AN27: Generará un impacto sobre el valor del contrato entre cinco (5%) y el quince por ciento (15%) | AO27: =VLOOKUP(QUIRÚRGICAS!AN27,Impacto!$B$3:$D$7,3,FALSE) -> 3 | AP27: =VLOOKUP(QUIRÚRGICAS!AN27,Impacto!$B$3:$D$7,2,FALSE) -> Moderado | AQ27: =+AL27+AO27 -> 5 | AR27: =IF(AQ27 <= 4, "Bajo", IF(AQ27 = 5, "Medio", IF(AND(AQ27 >= 6, AQ27 <= 7), "Alto", IF(AQ27 > 7, "Extremo", "")))) -> Medio | AS27: Si | AT27: Reducir el impacto | AU27: 1. Verificar el cumplimiento de: uso de listas de chequeo, desarrollo de sistemas de retroalimentación para facilitar información a los clínicos de sus procesos diagnósticos, verificación de sistemas de notificación de incidentes de seguridad. 2. Evaluar el acceso a la solicitud de pruebas diagnósticas y la comunicación de resultados. 3. Definir procesos de mejoramiento en la cualificación del talento humano y la formación continua y entrenamiento de los profesionales en razonamiento clínico. 4. Mantener el seguimiento a la actualización y adherencia a las guías de práctica clínica, protocolos y procedimientos. 5. Rondas administrativas. 6. Reporte del seguimiento de indicadores de estructura, de proceso y de resultado. | AV27: Desarrollo de servicios//Calidad | AW27: Desde la contratación | AX27: Hasta la liquidación del contrato | AY27: 1 Listas de chequeo. 2. Informe de adherencia a guías. 3. Informe mensual seguridad del paciente
... B35: GESTIÓN QUIRÚRGICA | C35: Contratación directa | D35: 25 | E35: Ejecución | F35: Incumplimiento en la liquidación del contrato | G35: 1. No adherencia a protocolos de liquidación de cuentas institucionales. 2. Errores asociados a la verificación de la cuenta. 3. Cruce de cuentas sin validación por el área financiera y de auditoria. 4. Sistemas de información deficientes o fallas en el sistema de información. 5. Las condiciones humanas relacionadas con la atención como lo son el conocimiento y las habilidades individuales de quienes entran en contacto directo con los pacientes: Concentración, estado de ánimo, estado actual de los equipos, la tecnología a utilizar, la efectividad en que las personas que atienden al paciente se comunican entre sí y trabajan en equipo, etc. 6. Desconocimiento de los acuerdos contactuales por parte del liquidador de la cuenta. 7. Incumplimiento del Artículo 60 de la Ley 80 de 1993 que indica: Los funcionarios responsables de la liquidación del contato incurrirán en sanciones de tipo disciplinario y penal | H35: 1. Sobrecostos con cargo a la entidad. 2. Saldos de dificil recuperación o no recuperables. 3. Fallso en los pagos con efectos en audiitorias realizadas por entes de control. 4. Daños en la imagen corporativa. 5. Consumos presupuestales no previstos que debiliten la condición financiera de la entidad. 6. Fallas en la prestación del servicio por demoras o alteraciones en los pagos a los contratistas. | I35: Especifico | J35: Interno | K35: Operacionales | L35: Entidad y contratista | M35: El riesgo puede ocurrir en algún momento | N35: =+IF(M35=Probabilidad!$D$3,Probabilidad!$C$3,IF(M35=Probabilidad!$D$4,Probabilidad!$C$4,IF(QUIRÚRGICAS!M35=Probabilidad!$D$5,Probabilidad!$C$5,IF(QUIRÚRGICAS!M35=Probabilidad!$D$6,Probabilidad!$C$6,IF(QUIRÚRGICAS!M35=Probabilidad!$D$7,Probabilidad!$C$7,Probabilidad!$C$7))))) -> 2 | O35: =+IF(M35=Probabilidad!$D$3,Probabilidad!$B$3,IF(M35=Probabilidad!$D$4,Probabilidad!$B$4,IF(QUIRÚRGICAS!M35=Probabilidad!$D$5,Probabilidad!$B$5,IF(QUIRÚRGICAS!M35=Probabilidad!$D$6,Probabilidad!$B$6,IF(QUIRÚRGICAS!M35=Probabilidad!$D$7,Probabilidad!$B$7,Probabilidad!$B$7))))) -> Improbable | P35: Incrementa el valor del contrato entre quince (15%) y el treinta por ciento (30%) | Q35: =VLOOKUP(QUIRÚRGICAS!P35,Impacto!$B$3:$D$7,3,FALSE) -> 4 | R35: =VLOOKUP(QUIRÚRGICAS!P35,Impacto!$B$3:$D$7,2,FALSE) -> Mayor | S35: =+N35+Q35 -> 6 | T35: =IF(S35 <= 4, "Bajo", IF(S35 = 5, "Medio", IF(AND(S35 >= 6, S35 <= 7), "Alto", IF(S35 > 7, "Extremo", "")))) -> Alto | U35: 4 | V35: El coordinador de gestión quirúrgica con apoyo de las áreas: financiera, auditoría y contratación debe 1. Socializar con el profesional especializado del área o quien liquide las cuentas los acuerdos contractuales. 2. Realizar seguimiento por el área de auditoría a las desviaciones registradas en el el proceso. 3. Realizar seguimiento por parte del apoyo a la supervisión del contrato la liquidación de las cuentas. 4. Realizar seguimientopor parte del área financiera a los sobrecostos o desviaciones del proceso. | W35: Desde la contratación | X35: Hasta la liquidación del contrato | Y35: Preventivo | AA35: Manual | AC35: Sin documentar | AE35: Continua | AG35: Sin registro | AJ35: 1. Listas de chequeo. 2. Informe de adherencia a guías. 3. Informe mensual seguridad del paciente 4. Informes de calidad | AK35: El riesgo puede ocurrir en algún momento | AL35: =+IF(AK35=Probabilidad!$D$3,Probabilidad!$C$3,IF(AK35=Probabilidad!$D$4,Probabilidad!$C$4,IF(QUIRÚRGICAS!AK35=Probabilidad!$D$5,Probabilidad!$C$5,IF(QUIRÚRGICAS!AK35=Probabilidad!$D$6,Probabilidad!$C$6,IF(QUIRÚRGICAS!AK35=Probabilidad!$D$7,Probabilidad!$C$7,Probabilidad!$C$7))))) -> 2 | AM35: =+IF(AK35=Probabilidad!$D$3,Probabilidad!$B$3,IF(AK35=Probabilidad!$D$4,Probabilidad!$B$4,IF(QUIRÚRGICAS!AK35=Probabilidad!$D$5,Probabilidad!$B$5,IF(QUIRÚRGICAS!AK35=Probabilidad!$D$6,Probabilidad!$B$6,IF(QUIRÚRGICAS!AK35=Probabilidad!$D$7,Probabilidad!$B$7,Probabilidad!$B$7))))) -> Improbable | AN35: Generará un impacto sobre el valor del contrato entre cinco (5%) y el quince por ciento (15%) | AO35: =VLOOKUP(QUIRÚRGICAS!AN35,Impacto!$B$3:$D$7,3,FALSE) -> 3 | AP35: =VLOOKUP(QUIRÚRGICAS!AN35,Impacto!$B$3:$D$7,2,FALSE) -> Moderado | AQ35: =+AL35+AO35 -> 5 | AR35: =IF(AQ35 <= 4, "Bajo", IF(AQ35 = 5, "Medio", IF(AND(AQ35 >= 6, AQ35 <= 7), "Alto", IF(AQ35 > 7, "Extremo", "")))) -> Medio | AS35: Si | AT35: Reducir el impacto | AU35: 1. Verificación con los liquidadores de las cuentas los acuerdos contractuales. 2. Informes de seguimiento por el área de auditoría a las desviaciones registradas en el el proceso. 3. Informes de seguimiento por parte del apoyo a la supervisión del contrato la liquidación de las cuentas. 4. Informe de seguimiento por parte del área financiera a los sobrecostos o desviaciones del proceso. 5. Arqueo de cuentas. | AV35: Apoyo a la supervisión del contrato | AW35: Desde la contratación | AX35: Hasta la liquidación del contrato | AY35: Acta de liquidación
